Cogmind - Beta 12 @@@ ROGUE MODE // 2024.02.25 @ 08:54:40 Player: Dosh Result: Exoskeleton Destroyed Performance ------------- Evolutions (9) 4500 Regions Visited (44) 8800 Robots Destroyed (769) 3845 Value Destroyed (39658) 39658 Prototype IDs (77) 1540 Alien Tech Used (7) 1400 Bonus (42934) 42934 TOTAL SCORE: 102677 Bonus ------- Triggered Max Security 2000 High Alert Combat Kills 9390 Follower Combat Kills 5166 Entered Garrisons 2200 Used RIF Installer 6500 Network Hubs Disabled 200 Aligned with FarCom 300 Built Enhanced Grunts 300 A7 Reached Mainframe 300 Met R17 at Cetus 500 Used Core Reset Matrix 3000 Integrated Exoskeleton 5000 Met MAIN.C 5000 Destroyed MAIN.C Shell 5000 Friendly Fire -1922 Cogmind --------- Core Integrity 0/2100 Matter 300/300 Energy 251/290 System Corruption 12% Temperature Cool (9) Movement Walking (30) Location -1/Command Parts ------- > --- POWER (1) -------- Light Quantum Reactor > --- PROPULSION (3) --- Sigix Exoskeleton > --- UTILITY (3) ------ Power Amplifier Beam Splitter Spacefold Activator > --- WEAPON (4) ------- Sigix Shearcannon > --- INVENTORY (5) ---- Light Quantum Reactor Power Amplifier Transdimensional Reconstructor Peak State ------------ > --- POWER ------------ Light Quantum Reactor > --- PROPULSION ------- Sigix Exoskeleton > --- UTILITY ---------- Power Amplifier Centrium Light Armor Plating Beam Splitter > --- WEAPON ----------- Sigix Sheargun Sigix Sheargun Sigix Shearcannon > --- INVENTORY -------- Reinforced Antimatter Reactor Light Quantum Reactor Transdimensional Reconstructor Spacefold Activator [Rating: 240] Favorites ----------- Power Quantum Reactor Engine Reinforced Ion Engine Power Core Neutrino Core Reactor Quantum Reactor Propulsion Biometal Heavy Treads Treads Biometal Heavy Treads Leg Carbon-fiber Leg Flight Unit Cooled Impulse Thruster Utility Huge Storage Unit Device Improved Cooling System Storage Huge Storage Unit Processor Advanced Signal Interpreter Hackware Advanced Hacking Suite Protection Improved Medium Armor Plating Artifact Spacefold Activator Weapon Enhanced Nova Cannon Energy Gun Improved EM Shotgun Energy Cannon Enhanced Nova Cannon Ballistic Gun Enhanced Autogun Ballistic Cannon Linear Accelerator Launcher Grenade Launcher Special Weapon Remote Datajack Slashing Weapon Axe Piercing Weapon Enhanced Force Lance Special Melee Weapon Datajack Build | -11 -10 -10 -9 -9 -9 -8 -8 -8 -8 -8 -7 -7 -7 -7 -7 -7 -6 -6 -6 -6 -6 -6 -6 -6 -5 -5 -5 -5 -5 -5 -4 -4 -4 -4 -4 -4 -4 -3 -3 -2 -2 -2 -1 -1 ------- Run | Jun Mat Min Mat Min Exi Min Mat Gar Mat Gar Fac Was Fac Gar Fac Gar Fac Gar Fac Ext Cet Arc Hub Gar Fac Was Fac Gar Fac Gar Fac Gar Fac Gar Fac Upp Upp Res Gar Res Tes Sec Acc Com Slots Evolved 18 | . . . 2 . . . 2 . . . 2 . . . . . 2 . . . . . . . 2 . . . . . 2 . . . . . . 2 . 2 . . 2 . Power 1 | . . . . . . . . . . . . . . . . . . . . . . . . . 1 . . . . . . . . . . . . . . . . . . . Propulsion 6 | . . . . . . . 1 . . . 1 . . . . . . . . . . . . . . . . . . . 2 . . . . . . . . 2 . . . . Utility 9 | . . . 2 . . . 1 . . . 1 . . . . . 2 . . . . . . . 1 . . . . . . . . . . . . 2 . . . . . . Weapon 2 | . . . . . . . . . . . . . . . . . . . . . . . . . . . . . . . . . . . . . . . . . . . 2 . Parts Attached 749 | 7 11 2 40 . 1 3 25 17 20 14 24 9 18 23 16 34 6 12 31 14 8 . 24 30 9 16 1 34 22 14 27 24 15 41 15 14 1 42 8 20 20 29 5 3 Power 62 | 1 1 1 3 . . . 1 . 1 . 1 1 . 3 1 1 1 1 . 2 1 . . 4 1 3 . 7 1 1 4 2 . 2 . 2 . 5 1 2 1 4 2 . Engine 8 | 1 1 1 3 . . . 1 . 1 . . . . . . . . . . . . . . . . . . . . . . . . . . . . . . . . . . . Core 12 | . . . . . . . . . . . 1 . . 1 . . . . . 1 . . . 1 1 . . 1 . . 2 . . 1 . . . 3 . . . . . . Reactor 42 | . . . . . . . . . . . . 1 . 2 1 1 1 1 . 1 1 . . 3 . 3 . 6 1 1 2 2 . 1 . 2 . 2 1 2 1 4 2 . Propulsion 116 | 2 3 . 16 . . 1 5 1 4 1 6 2 2 3 . 3 . 2 5 . 2 . 1 5 1 2 . 13 2 . 4 3 . 4 2 . . 9 1 6 4 1 . . Treads 81 | 2 3 . 16 . . 1 5 1 4 1 6 2 2 3 . 3 . 2 2 . 2 . 1 . . 2 . 8 2 . 4 3 . 4 2 . . . . . . . . . Leg 11 | . . . . . . . . . . . . . . . . . . . . . . . . 5 1 . . 5 . . . . . . . . . . . . . . . . Wheel . | . . . . . . . . . . . . . . . . . . . . . . . . . . . . . . . . . . . . . . . . . . . . . Hover . | . . . . . . . . . . . . . . . . . . . . . . . . . . . . . . . . . . . . . . . . . . . . . Flight 24 | . . . . . . . . . . . . . . . . . . . 3 . . . . . . . . . . . . . . . . . . 9 1 6 4 1 . . Utility 296 | 2 3 . 12 . 1 . 9 6 7 2 10 2 7 13 7 17 5 4 8 10 1 . 6 9 4 5 . 7 11 9 17 11 6 16 5 9 1 18 4 8 6 14 1 3 Device 144 | 1 . . 2 . . . 1 3 2 1 2 1 1 10 4 11 3 3 4 4 . . 3 5 1 3 . 2 9 3 12 5 3 8 1 6 1 9 1 5 2 10 1 1 Storage 10 | 1 2 . . . 1 . . . . . 1 . . . . . . . 1 . . . . . . . . 1 . . 1 . . . . . . 1 . . 1 . . . Processor 12 | . . . . . . . 1 . . . . . . . . 1 . . 1 . . . . . 1 . . . . . . . . . . . . 2 . 2 3 1 . . Hackware 45 | . . . . . . . . 1 3 . 1 1 1 2 1 3 1 . 2 1 . . 1 . 2 . . . 1 3 1 4 1 3 2 . . 5 3 1 . . . 1 Protection 84 | . 1 . 10 . . . 7 2 2 1 6 . 5 1 2 2 1 1 . 5 1 . 2 4 . 2 . 4 1 3 3 2 2 5 2 3 . 1 . . . 3 . . Artifact 1 | . . . . . . . . . . . . . . . . . . . . . . . . . . . . . . . . . . . . . . . . . . . . 1 Weapon 275 | 2 4 1 9 . . 2 10 10 8 11 7 4 9 4 8 13 . 5 18 2 4 . 17 12 3 6 1 7 8 4 2 8 9 19 8 3 . 10 2 4 9 10 2 . Energy Gun 15 | . 2 1 1 . . 1 4 2 . . . . . . . . . . 1 . . . . . . . . . . . . . . . . . . . . . 1 . 2 . Energy Cannon 76 | . . . . . . . . 1 . 1 . . 2 . 1 5 . 2 9 1 . . 3 5 1 . . 1 1 . . 3 6 12 4 2 . 3 . 2 3 8 . . Ballistic Gun 65 | 2 1 . 7 . . . 3 3 5 5 5 1 3 . . 1 . . 1 1 3 . 6 3 1 3 . 2 4 2 1 2 . . . . . . . . . . . . Ballistic Cannon 24 | . 1 . 1 . . . . 2 . . . . 2 2 3 3 . 2 2 . . . . 1 . 2 1 2 . . . . . . . . . . . . . . . . Launcher 32 | . . . . . . 1 2 2 1 4 1 . . 1 1 2 . . 1 . . . 2 1 . . . 2 2 2 . 2 . 3 1 . . . . . 1 . . . Special Weapon 38 | . . . . . . . . . . . . 2 2 . 3 1 . 1 4 . 1 . 4 1 1 . . . 1 . 1 1 3 4 3 1 . 2 . 1 1 . . . Impact Weapon . | . . . . . . . . . . . . . . . . . . . . . . . . . . . . . . . . . . . . . . . . . . . . . Slashing Weapon 5 | . . . . . . . 1 . . 1 . 1 . 1 . 1 . . . . . . . . . . . . . . . . . . . . . . . . . . . . Piercing Weapon 17 | . . . . . . . . . . . . . . . . . . . . . . . 2 1 . 1 . . . . . . . . . . . 5 2 1 3 2 . . Special Melee Weapon 3 | . . . . . . . . . 2 . 1 . . . . . . . . . . . . . . . . . . . . . . . . . . . . . . . . . Unidentified Prototypes 27 | . . . 2 . . . . . . . . . . 1 1 . . 1 2 . 3 . . . 1 1 . . 1 . 1 . . . . . . 2 1 2 6 2 . . Corrupted Parts 4 | . . . . . . . . . . . . . . . . . . . . . . . . 1 . . . . . . 1 . . . 1 . 1 . . . . . . . System Corruption 13 | . . . . . . . . . . . . . . . . . . . . . . . . 1 . . . . . . 2 . . . 4 . 6 . . . . . . . Parts Lost 111 | . . 2 6 . . . 1 3 2 1 3 . 3 2 1 5 . . . 3 . . 4 14 1 . . 16 . 4 . 1 3 10 2 1 . 6 7 4 . 6 . . Power 18 | . . 1 . . . . . . 1 . . . . . . 1 . . . 1 . . . 1 . . . 3 . 1 . . . 2 . 1 . 1 3 1 . 1 . . Propulsion 19 | . . . 1 . . . 1 . . . . . . 1 . . . . . . . . 1 3 1 . . 7 . . . . . 1 . . . . 1 1 . 1 . . Utility 61 | . . . 4 . . . . 1 1 1 2 . 3 1 1 3 . . . 2 . . 3 6 . . . 5 . 3 . 1 2 6 2 . . 5 3 2 . 4 . . Weapon 13 | . . 1 1 . . . . 2 . . 1 . . . . 1 . . . . . . . 4 . . . 1 . . . . 1 1 . . . . . . . . . . Highest Loss Streak 12 | . . 1 2 . . . 1 1 1 1 2 . 1 1 1 4 . . . 1 . . 3 3 1 . . 12 . 2 . 1 2 6 2 1 . 2 7 3 . 3 . . To Critical Strikes . | . . . . . . . . . . . . . . . . . . . . . . . . . . . . . . . . . . . . . . . . . . . . . Average Slot Usage (%) 82 | . 99 100 91 100 100 99 98 94 99 90 89 90 76 75 76 78 79 79 80 84 86 86 84 71 95 77 69 61 69 74 77 81 83 79 78 83 84 85 81 68 88 71 71 68 Engine 2 | . 14 14 11 11 11 11 9 9 9 9 1 . . . . . . . . . . . . . . . . . . . . . . . . . . . . . . . . . Reactor 5 | . . . . . . . . . . . . 1 7 6 7 6 5 6 6 2 4 6 6 5 5 10 11 9 11 11 8 6 10 9 5 8 10 4 3 3 4 8 8 9 Treads 15 | . 27 28 21 22 22 21 26 27 26 27 29 28 14 15 15 14 13 13 12 13 13 13 12 3 . 10 11 11 11 11 14 15 15 15 15 15 15 5 . . . . . . Flight 1 | . . . . . . . . . . . . . . . . . . . . . . . . . . . . . . . . . . . . . . 16 28 27 33 18 . . Device 10 | . 13 . 9 11 11 11 4 7 8 9 7 7 9 15 11 13 13 12 13 6 6 6 5 12 18 11 5 6 17 12 8 9 10 10 5 17 21 12 15 7 12 14 18 16 Storage 6 | . 14 14 11 11 11 11 9 9 9 9 7 7 7 7 7 7 6 6 6 6 6 6 6 6 5 5 5 3 5 5 5 5 5 5 5 5 5 4 4 4 4 2 . . Processor 1 | . . . . . . . 4 . . . . . . . . . 6 6 6 5 . . . . 5 5 5 1 . . . . . . . . . 4 4 4 15 9 . . Hackware 8 | . . . . . . . . . 6 . . 6 7 6 10 15 13 13 13 19 20 20 23 9 15 12 11 3 . 8 21 20 22 23 23 15 15 21 19 16 13 2 . 1 Protection 11 | . . 14 16 22 22 22 25 21 21 17 19 15 12 7 7 2 5 6 6 11 20 20 15 6 5 5 5 11 9 9 6 8 7 3 7 7 5 3 . . . 1 9 7 Energy Gun 1 | . 1 14 2 . . 2 11 3 . . . . . . . . . . . . . . . . . . . . . . . . . . . . . . . . . 2 18 15 Energy Cannon 3 | . . . . . . . . 1 . 1 . . 4 7 6 3 . 3 5 6 1 . 5 4 5 1 . 1 6 5 5 5 8 8 8 9 10 4 . 3 2 4 9 9 Ballistic Gun 5 | . 25 . 18 22 22 11 4 6 15 15 14 6 6 . . 2 6 2 . 1 10 13 6 3 2 7 5 3 4 4 5 3 . . . . . . . . . . . . Ballistic Cannon 2 | . 1 14 . . . . . 6 . . . . 2 5 6 6 6 5 5 4 . . . 2 . . 4 1 . . . . . . . . . . . . . . . . Naked Turns 27 | . . . . . . . . . . . . . . . . . . . . . . . . . . . . 27 . . . . . . . . . . . . . . . . Heaviest Build 203 | 12 33 33 45 43 63 63 86 99 92 92 132 131 141 140 141 147 130 137 142 142 133 133 138 152 143 173 173 196 203 191 163 164 174 175 157 170 170 186 40 42 43 58 68 59 Greatest Support 230 | 40 40 40 43 43 43 43 66 69 69 67 98 140 140 150 150 150 150 150 135 130 160 160 160 155 60 140 140 150 150 150 225 230 230 230 230 230 230 230 57 58 58 67 60 60 Greatest Overweight (x) 8 | . . . 2 . 1 1 1 1 1 1 1 1 1 . . . . 1 2 1 . . . 3 2 2 1 8 1 1 1 . . . . . . 4 . . 1 . 1 . Average Overweight (x) . | . . . . . . 1 . 1 . . . . . . . . . . . . . . . 1 2 . 1 . 1 1 . . . . . . . . . . . . . . Largest Inventory Capacity 25 | 8 15 15 15 15 20 20 20 20 20 20 25 25 25 25 25 25 25 25 25 25 25 25 25 25 25 25 25 25 25 25 25 25 25 25 25 25 25 25 10 10 10 10 5 5 Average Capacity 22 | 6 13 15 15 15 17 20 20 20 20 20 22 25 25 25 25 25 25 25 25 25 25 25 25 25 25 25 25 20 25 25 25 25 25 25 25 25 25 16 10 10 10 7 5 5 Most Carried 25 | 3 15 15 15 15 19 19 20 20 20 20 25 25 25 25 25 25 25 25 25 25 25 25 25 20 18 25 25 25 25 25 25 25 25 25 25 25 25 25 10 10 10 10 5 5 Average Carried 20 | 1 7 14 14 15 17 18 19 19 19 19 21 24 24 23 24 23 24 24 24 23 24 24 24 18 14 22 24 17 24 24 23 24 23 22 24 21 25 14 9 6 9 7 3 4 Final Capacity 25 | 8 15 15 15 15 20 20 20 20 20 20 25 25 25 25 25 25 25 25 25 25 25 25 25 25 25 25 25 25 25 25 25 25 25 25 25 25 25 10 10 10 10 5 5 5 Final Carried 25 | 2 13 14 15 15 19 19 20 20 19 20 25 25 25 25 25 25 25 25 23 25 25 25 20 19 16 25 25 24 25 25 25 25 23 25 25 25 25 10 10 10 10 4 5 3 Class Distribution -------------------- 42% | Botlord-Mutant 24% | Mutant 15% | Scavenger-Mutant 8% | Bothacker-Mutant Dominant Class ---------------- Mutant | -10/Materials Mutant | -10/Mines Scavenger-Mutant | -9/Materials Mutant | -9/Mines Mutant | -9/Exiles Mutant | -8/Mines Mutant | -8/Materials Mutant | -8/Garrison Mutant | -8/Materials Mutant | -8/Garrison Mutant | -7/Factory Mutant | -7/Waste Scavenger-Mutant | -7/Factory Scavenger-Mutant | -7/Garrison Bothacker-Mutant | -7/Factory Bothacker-Mutant | -7/Garrison Botlord-Mutant | -6/Factory Botlord-Mutant | -6/Garrison Botlord-Mutant | -6/Factory Botlord-Mutant | -6/Extension Commander-Mutant | -6/Cetus Botlord-Mutant | -6/Archives Botlord-Mutant | -6/Hub_04(d) Botlord-Mutant | -6/Garrison Scavenger-Mutant | -5/Factory Scavenger-Mutant | -5/Waste Scavenger-Mutant | -5/Factory Botlord-Mutant | -5/Garrison Botlord-Mutant | -5/Factory Botlord-Mutant | -5/Garrison Botlord-Mutant | -4/Factory Botlord-Mutant | -4/Garrison Botlord-Mutant | -4/Factory Botlord-Mutant | -4/Garrison Botlord-Mutant | -4/Factory Botlord-Mutant | -4/Upper Caves Botlord-Mutant | -4/Upper Caves Hacker-Sprinter | -3/Research Hacker-Sprinter | -3/Garrison Hacker-Mutant | -2/Research Scout | -2/Testing Alien-Sigix | -2/Section 7 Alien-Sigix | -1/Access Alien-Sigix | -1/Command Resources | -11 -10 -10 -9 -9 -9 -8 -8 -8 -8 -8 -7 -7 -7 -7 -7 -7 -6 -6 -6 -6 -6 -6 -6 -6 -5 -5 -5 -5 -5 -5 -4 -4 -4 -4 -4 -4 -4 -3 -3 -2 -2 -2 -1 -1 ----------- Run | Jun Mat Min Mat Min Exi Min Mat Gar Mat Gar Fac Was Fac Gar Fac Gar Fac Gar Fac Ext Cet Arc Hub Gar Fac Was Fac Gar Fac Gar Fac Gar Fac Gar Fac Upp Upp Res Gar Res Tes Sec Acc Com Matter Collected 19493 | 172 503 125 1113 29 . 120 525 765 1012 467 1014 748 758 479 759 841 131 513 938 492 105 . 614 678 234 591 20 802 668 540 493 430 275 622 251 203 . 494 66 . 348 457 68 30 Remotely 669 | . . . . . . . . . . . . . . 169 . 339 . . . . . . 96 65 . . . . . . . . . . . . . . . . . . . . Salvage Created 38140 | 5 884 173 1919 . . 220 1935 728 1107 372 1039 1088 1128 1280 1356 1338 36 526 1421 768 . . 998 456 481 1622 39 643 2206 1990 849 775 690 1156 536 372 . 408 . . 348 3429 3063 756 Parts 1665 | 2 51 19 107 . . 13 117 50 52 39 60 16 50 38 70 62 3 21 55 29 . . 49 14 13 47 1 38 115 85 44 41 23 57 24 14 . 16 . . 25 66 121 18 Haulers Intercepted 13 | . 2 . 3 . . . 2 . 2 . . . . . . . . . 2 . . . 1 . . . . . . . . . . . . . . . . . . . 1 . Recyclers Shooed 10 | . 2 . 2 . . . . . . . 1 . . . 1 . . . . . . . . . . . . . . . 2 . 1 . . . . 1 . . . . . . Parts Field Recycled . | . . . . . . . . . . . . . . . . . . . . . . . . . . . . . . . . . . . . . . . . . . . . . Retrieved Matter . | . . . . . . . . . . . . . . . . . . . . . . . . . . . . . . . . . . . . . . . . . . . . . Parts Self-Destructed 14 | . . . . . . . . . . . . . . . . . . . . . . . . . . . . . . . . . . . . 14 . . . . . . . . Prevented . | . . . . . . . . . . . . . . . . . . . . . . . . . . . . . . . . . . . . . . . . . . . . . Kills | -11 -10 -10 -9 -9 -9 -8 -8 -8 -8 -8 -7 -7 -7 -7 -7 -7 -6 -6 -6 -6 -6 -6 -6 -6 -5 -5 -5 -5 -5 -5 -4 -4 -4 -4 -4 -4 -4 -3 -3 -2 -2 -2 -1 -1 ------- Run | Jun Mat Min Mat Min Exi Min Mat Gar Mat Gar Fac Was Fac Gar Fac Gar Fac Gar Fac Ext Cet Arc Hub Gar Fac Was Fac Gar Fac Gar Fac Gar Fac Gar Fac Upp Upp Res Gar Res Tes Sec Acc Com Combat Hostiles Destroyed 666 | . 19 8 34 . . 7 34 32 24 23 19 4 24 20 28 29 2 15 24 16 . . 24 12 7 5 . 24 39 38 12 20 10 22 5 6 . 2 . . 4 41 30 3 Melee 13 | . . . . . . . 3 1 . . . 2 . . . . . . . . . . 1 2 . . . . . 1 . . . 2 . . . . . . . 1 . . Guns 207 | . 17 5 30 . . 3 17 11 22 14 18 2 9 . . 2 1 6 . . . . 5 2 2 5 . 3 8 14 2 . . . . . . . . . . . 9 . Cannons 308 | . 1 3 4 . . . . 12 2 . 1 . 14 12 27 17 . 9 20 16 . . 4 6 3 . . 10 22 15 8 9 10 10 5 6 . 2 . . . 40 17 3 AOE 119 | . 1 . . . . 4 13 8 . 9 . . . 7 . 10 1 . 2 . . . 14 2 . . . 11 5 7 . 8 . 9 . . . . . . 4 . 4 . Classes Destroyed 26 | 1 6 . 4 . . 1 4 2 . . . 1 . . . . . . . . . . 1 . . 1 . . . 1 . 1 . . . . . . . . . 3 . . Worker 22 | . 1 . 1 . . . 2 . . . 1 . . . 2 . . . . . . . 2 . . . . . 2 . 1 . . . 1 . . . . . 3 . 5 1 Builder 15 | . . . . . . . 2 . . . 1 . 1 . 3 . . . 1 . . . . . . . . . 2 . 1 . . . 1 . . . . . 1 . 2 . Tunneler 6 | 1 . . . . . 1 . . . . . . . . . . 1 . . . . . 2 . . . . . 1 . . . . . . . . . . . . . . . Hauler 13 | . 2 . 3 . . . 2 . 2 . . . . . . . . . 2 . . . 1 . . . . . . . . . . . . . . . . . . . 1 . Recycler 12 | . . . 3 . . . 2 . . . 1 . . . 1 . . . . . . . . . . . . . . . . . . . . . . 2 . . 1 . 2 . Mechanic 4 | . . . . . . . . . . . . . . . . . . . . . . . . . . . . . . . . . . . . . . . . . . 2 2 . Operator 8 | . 2 . 1 . . . . . . . . . . . . . . . . . . . . . . . . . 2 . . . . . 2 . . . . . . . 1 . Watcher 19 | . 3 . 4 . . . 5 . 1 . . . . . . . . . 1 . . . . . . . . 1 1 . . . . . . . . . . . 2 . 1 . Swarmer 139 | . 5 6 . . . 2 7 12 7 17 3 . 4 4 . 11 1 7 2 . . . . 3 . . . 12 4 9 . 9 . 3 . 1 . 1 . . 4 . 5 . Cutter 9 | . . . . . . . . 3 . . . . . . . . . . . . . . . . . . . . . 2 . 4 . . . . . . . . . . . . Saboteur 4 | . . . . . . . . . . . . . . . . . . . . . . . . . . . . . . 3 . . . 1 . . . . . . . . . . Grunt 264 | . 14 2 22 . . 4 11 8 15 5 7 . 14 13 14 12 . 5 11 5 . . 3 3 6 . . 5 18 16 4 3 3 9 . . . 1 . . . 24 7 . Brawler 19 | . . . 1 . . . 1 . . . 1 . . . 1 . . . 1 . . . 1 . . . . . . 1 . . . . 1 . . . . . . 8 3 . Duelist 14 | . . . 1 . . 1 . . 1 . . . . . 1 . . . . 1 . . 2 . . . . . . . . . . . 1 2 . . . . . 2 2 . Protector 5 | . . . . . . . . . . . . . . . . . . . . . . . 3 . . . . . . . . . . . . . . . . . . 1 1 . Sentry 77 | . . . 10 . . . 8 . 1 1 3 . 3 2 6 2 . 1 5 9 . . 4 1 1 . . . 4 7 1 1 1 3 1 1 . . . . . . 1 . Specialist 14 | . . . . . . . 3 4 . . 2 . . . . . . . . . . . 1 . . . . 4 . . . . . . . . . . . . . . . . Hunter 39 | . . . . . . . 3 . . . . . . . 3 4 . 2 4 1 . . . 2 . . . . . . 3 2 2 1 2 . . . . . . . 10 . Programmer 58 | . . . . . . . . 5 . . 3 . 3 1 3 . 1 . 2 . . . 2 3 . . . 2 13 . 4 . 5 4 . 2 . . . . . 4 1 . Heavy 1 | . . . . . . . 1 . . . . . . . . . . . . . . . . . . . . . . . . . . . . . . . . . . . . . Behemoth 2 | . . . . . . . . . . . . . . . . . . . . . . . . . . . . . . . . 1 . 1 . . . . . . . . . . Compactor 9 | . . . . . . . . . . . . 4 . . . . . . . . . . . . . 5 . . . . . . . . . . . . . . . . . . M Shell/Def 2 | . . . . . . . . . . . . . . . . . . . . . . . . . . . . . . . . . . . . . . . . . . . . 2 Enhanced Grunt 1 | . . . . . . . . . . . . . . . . . . . . . . . 1 . . . . . . . . . . . . . . . . . . . . . Lightning 9 | . . . . . . . . . . . . . . . . . . . . . . . 9 . . . . . . . . . . . . . . . . . . . . . Striker 1 | . . . . . . . . . . . . . . . . . . . . . . . . . . . . . . . . . . . . . . . . . . 1 . . Alpha 7 1 | . . . . . . . . . . . . . . . . . . . . . . . . . . . . . . . . . . . . . . . . . . 1 . . Zionite 1 | . . . . . . 1 . . . . . . . . . . . . . . . . . . . . . . . . . . . . . . . . . . . . . . Wasp 1 | . . . . . . . . . . . . . . . . . . . . . . . . . . . 1 . . . . . . . . . . . . . . . . . Thug 1 | . . . . . . . . . . . . . . . . . . . . . . . . . . . . 1 . . . . . . . . . . . . . . . . Martyr 2 | . . . . . . . . . . . . . . . . . . . . . . . . . . 2 . . . . . . . . . . . . . . . . . . Best Kill Streak 31 | 1 4 3 6 . . 5 6 9 6 8 4 1 5 11 5 8 1 6 3 3 . . 18 3 2 3 . 8 6 11 3 13 4 9 5 3 . 2 . . 5 31 24 3 Combat Bots Only 16 | . 3 3 6 . . 5 5 9 6 8 4 1 5 11 5 8 1 6 3 3 . . 16 3 2 3 . 8 5 11 3 13 4 9 2 3 . 1 . . 4 16 16 3 Max Kills in Single Turn 5 | 1 1 1 2 . . 3 4 3 1 3 1 1 1 3 2 4 1 2 2 1 . . 4 2 1 1 1 5 4 3 1 4 1 3 1 1 . 1 . . 5 4 4 1 Gunslinging . | . . . . . . . . . . . . . . . . . . . . . . . . . . . . . . . . . . . . . . . . . . . . . Exploded 5 | . 1 . . . . 2 4 3 . 3 . . . 3 . 4 1 . 2 . . . 4 2 . . . 5 3 3 . 4 . 3 . . . . . . 4 . 3 . Melee 1 | . . . . . . . 1 1 . . . 1 . . . . . . . . . . 1 1 . . . . . 1 . . . 1 . . . . . . . 1 . . Uniques/NPCs Destroyed 1 | . . . . . . . . . . . . . . . . . . . . . . . . . . . . . . . . . . . . . . . . . . . . 1 MAIN.C Shell (-1/Command) Combat | -11 -10 -10 -9 -9 -9 -8 -8 -8 -8 -8 -7 -7 -7 -7 -7 -7 -6 -6 -6 -6 -6 -6 -6 -6 -5 -5 -5 -5 -5 -5 -4 -4 -4 -4 -4 -4 -4 -3 -3 -2 -2 -2 -1 -1 -------- Run | Jun Mat Min Mat Min Exi Min Mat Gar Mat Gar Fac Was Fac Gar Fac Gar Fac Gar Fac Ext Cet Arc Hub Gar Fac Was Fac Gar Fac Gar Fac Gar Fac Gar Fac Upp Upp Res Gar Res Tes Sec Acc Com Damage Taken 52226 | . 591 362 1446 . . 367 1334 1469 802 588 1816 . 1828 1198 1421 2126 273 876 1287 1650 214 . 3592 2731 314 . 59 4915 816 1586 1256 1921 1910 2783 998 454 . 868 669 883 67 1591 1906 3259 Core 5683 | . 104 30 221 . . 18 134 101 55 40 71 . 107 26 65 104 22 24 94 125 . . 88 282 62 . . 685 19 48 35 144 101 190 58 21 . 225 63 290 . 424 559 1048 Absorbed by Shields 9655 | . . . . . . . . . . . . . 46 280 206 234 71 194 483 96 . . . 288 238 . . 1087 764 1299 207 1733 481 1767 . . . 151 30 . . . . . Reduced by Siege Mode 2767 | . . . . . . . . . . . . . 146 131 94 214 3 68 121 84 . . 393 10 . . . 318 24 92 73 178 337 367 61 36 . 17 . . . . . . Redirected to Shielding 5 | . . . . . . . . . . . . . . . . . . . . . . . . . . . . . . 5 . . . . . . . . . . . . . . Regen/Repaired (Parts) 5703 | . 108 . 280 . . . 279 . 1147 . 914 . 421 . 12 . 45 . 153 257 . . . . . 54 373 . 85 . 1392 . . . . . . . . 104 79 . . . Core Remaining (%) 50 | 100 . 46 . . . 40 . . . 40 . . . . . 46 . . . . . . . 25 . . . . . 18 . . . . . . 52 . 77 . . 63 . . Volleys Fired 2173 | . 85 27 123 . . 24 83 79 88 63 89 124 83 49 74 63 11 39 81 47 1 . 58 65 23 53 1 56 114 93 48 61 49 61 29 33 . 36 . 28 19 44 41 28 Largest 3 | . 2 2 2 . . 2 2 2 2 2 2 1 2 2 2 2 2 2 2 2 1 . 2 2 2 2 2 2 2 2 2 2 2 2 2 2 . 2 . 1 1 2 3 3 Hottest 380 | . 75 75 88 . . 68 90 147 82 115 115 25 159 147 147 151 94 160 179 179 5 . 148 166 207 66 86 169 240 153 153 240 240 240 240 240 . 240 . 120 120 200 380 380 Shots Fired 3671 | . 165 52 238 . . 35 157 147 172 93 179 124 162 71 144 86 19 63 131 91 1 . 75 96 43 89 2 63 202 175 89 105 81 104 51 60 . 46 . 28 20 46 113 53 Gun 1822 | . 162 27 217 . . 30 153 76 167 59 168 115 95 . . 15 8 18 9 2 . . 31 23 12 74 1 29 81 82 40 20 1 . . . . . . . . 2 78 27 Cannon 1671 | . 3 25 21 . . . . 64 5 25 11 . 65 63 139 53 11 42 117 89 . . 25 69 29 4 1 30 117 83 47 79 76 90 40 59 . 42 . 26 16 44 35 26 Launcher 95 | . . . . . . 5 4 7 . 9 . . . 8 . 15 . . 1 . . . 12 2 . . . 4 4 10 . 3 . 5 5 . . . . . 1 . . . Special 83 | . . . . . . . . . . . . 9 2 . 5 3 . 3 4 . 1 . 7 2 2 11 . . . . 2 3 4 9 6 1 . 4 . 2 3 . . . Kinetic 2007 | . 157 25 208 . . 23 66 122 172 59 168 115 108 25 70 45 19 54 75 47 . . 31 44 18 78 2 52 81 82 40 20 1 . . . . . . . . . . . Thermal 1086 | . . . 30 . . . . 6 . 25 11 . 44 38 69 22 . . 43 42 . . 17 41 8 . . 7 117 83 47 79 76 90 40 59 . 42 . 26 16 8 . . Explosive 80 | . . . . . . 5 4 7 . 9 . . . 8 . 15 . . 1 . . . 12 2 . . . 4 4 . . 3 . 5 . . . . . . 1 . . . Electromagnetic 211 | . 8 27 . . . 7 87 12 . . . . 8 . . 1 . 6 8 2 . . 8 7 15 . . . . 10 . . . . 5 . . . . . . . . . Slashing 204 | . . . . . . . . . . . . . . . . . . . . . . . . . . . . . . . . . . . . . . . . . . 38 113 53 Robot Hit Streak 39 | . 9 6 18 . . 8 17 10 17 7 15 10 19 23 23 25 3 12 24 15 10 . 21 19 14 11 . 9 22 33 34 13 29 16 6 8 . 17 . 19 20 22 17 39 Robot Miss Streak 14 | . 4 7 4 . . 2 3 4 4 3 6 2 3 1 2 1 1 3 3 4 . . 2 2 4 2 2 5 4 4 2 2 2 2 4 3 . 2 . . 1 14 9 5 Penetration Max 1 | . . . . . . . . . . . . . . . . . . . . . . . 1 . 1 1 . 1 1 1 1 1 1 . . . . . . . . 1 1 1 Secondary Targets 11 | . 1 . . . . . 1 . . 4 2 . . . . . . . . . . . . . . 3 . . . . . . . . . . . . . . . . . . Max Gunslinging Chain 1 | . 1 . . . . . 1 . . 1 1 . . . . . . . . . . . . . . 1 . . . . . . . . . . . . . . . . . . Shots Hit Robots 2516 | . 104 25 177 . . 26 132 83 120 33 113 151 117 55 104 62 11 43 89 75 1 . 54 65 27 68 . 41 129 123 63 79 64 69 29 22 . 18 . 2 12 37 52 41 Core Hits 1425 | . 46 10 79 . . 17 89 49 48 34 43 20 35 38 47 51 3 21 45 28 . . 149 28 8 12 1 30 67 68 21 32 16 31 12 8 . 6 . . 12 99 78 44 Critical Kills 30 | . 1 . . . . . . . . . . . . 1 . 1 . . 1 . . . 2 1 1 5 1 2 5 3 2 3 . 1 . . . . . . . . . . Critical Parts Destroyed 23 | . 1 . 1 . . . . . 1 . . . . . . . . . 2 . . . 4 1 . 3 . . 4 3 2 . 1 . . . . . . . . . . . Critical Strikes 124 | . 3 . 2 . . . . 2 1 . . 2 1 2 1 6 . 10 10 4 . . 6 4 1 18 1 6 9 7 5 4 1 1 . . . . . . 1 10 5 1 Meltdown 13 | . . . . . . . . . . . . . . 1 . . . . 1 . . . . . . . . . 5 . 2 3 . 1 . . . . . . . . . . Destroy 53 | . 2 . 1 . . . . . 1 . . 1 . . . 1 . . 2 . . . 6 2 1 17 1 2 4 7 3 1 1 . . . . . . . . . . . Blast 35 | . . . 1 . . . . 2 . . . . 1 . 1 5 . 10 6 4 . . . 1 . . . 4 . . . . . . . . . . . . . . . . Corrupt 3 | . 1 . . . . . . . . . . . . . . . . . 1 . . . . 1 . . . . . . . . . . . . . . . . . . . . Sever 16 | . . . . . . . . . . . . 1 . 1 . . . . . . . . . . . . . . . . . . . . . . . . . . . 8 5 1 Impale 4 | . . . . . . . . . . . . . . . . . . . . . . . . . . 1 . . . . . . . . . . . . . . 1 2 . . Melee Attacks 196 | . . . . . . . 13 . 7 2 1 52 . 22 . 17 . . . . . . 2 9 . 2 . . . . . . . . . . . 6 2 5 20 36 . . Impact . | . . . . . . . . . . . . . . . . . . . . . . . . . . . . . . . . . . . . . . . . . . . . . Slashing 106 | . . . . . . . 13 . . 2 . 52 . 22 . 17 . . . . . . . . . . . . . . . . . . . . . . . . . . . . Piercing 82 | . . . . . . . . . . . . . . . . . . . . . . . 2 9 . 2 . . . . . . . . . . . 6 2 5 20 36 . . Sneak Attacks 71 | . . . . . . . 4 . 7 . 1 52 . . . . . . . . . . 1 . . 2 . . . . . . . . . . . . . . 4 . . . Combat Hostiles 52 | . . . . . . . . . . . . 52 . . . . . . . . . . . . . . . . . . . . . . . . . . . . . . . . Follow-up Attacks . | . . . . . . . . . . . . . . . . . . . . . . . . . . . . . . . . . . . . . . . . . . . . . Damage Inflicted 110147 | 1 1300 400 3026 . . 681 3438 2600 2007 1434 2189 3415 2858 3361 3554 3672 701 1386 3645 2934 . 27 5989 2748 1011 1184 21 3311 6466 5179 2682 3841 3017 4034 1322 1027 . 675 . . 1235 9896 7361 6519 Guns 26356 | . 1158 194 2731 . . 333 2038 897 1886 485 1908 1662 1219 . . 211 215 359 33 8 . . 623 161 161 1020 21 436 1571 1586 931 444 48 . . . . . . . . . 2919 1098 Cannons 59801 | . 22 183 268 . . . . 1028 111 . 245 . 1601 1074 3472 1041 146 1027 3375 2919 . . 594 2065 850 . . 1721 3714 2769 1716 2665 2900 2679 1120 1027 . 650 . . 129 9554 3715 5421 Explosions 16562 | . 94 . . . . 331 926 675 . 949 . . . 867 . 1342 289 . 182 . . . 4582 305 . . . 1095 1013 824 . 732 . 1312 202 . . . . . 380 . 462 . Melee 6234 | . . . . . . . 463 . . . . 1753 . 1420 . 1078 . . . . . . 76 212 . 164 . . . . . . . . . . . . . . 726 342 . . Ramming 1194 | 1 26 23 27 . . 17 11 . 10 . 36 . 38 . 82 . 51 . 55 7 . 27 114 5 . . . 59 168 . 35 . 69 43 . . . 25 . . . . 265 . Kinetic 30492 | . 1089 183 2632 . . 261 714 1568 1997 485 1908 1662 1476 432 1449 693 361 1187 1786 1462 . . 623 563 224 1020 21 2116 1571 1586 931 444 48 . . . . . . . . . . . Thermal 30764 | . 94 . 367 . . 42 476 152 . . 245 . 1224 642 2023 522 289 . 1361 1394 . . 482 1430 199 . . 41 3961 2934 1716 2665 2900 2679 1120 1027 . 650 . . 129 . . . Explosive 13541 | . . . . . . 289 450 675 . 949 . . . 867 . 1342 . . 182 . . . 4121 305 . . . 1095 766 . . 732 . 1312 . . . . . . 380 . 76 . Electromagnetic 5215 | . 91 194 . . . 72 1324 205 . . . . 120 . . 37 . 199 261 71 . . 573 233 588 . . . . 659 . . . . 202 . . . . . . . 386 . Impact . | . . . . . . . . . . . . . . . . . . . . . . . . . . . . . . . . . . . . . . . . . . . . . Slashing 27421 | . . . . . . . 463 . . . . 1753 . 1420 . 1078 . . . . . . . . . . . . . . . . . . . . . . . . . 9554 6634 6519 Piercing 1520 | . . . . . . . . . . . . . . . . . . . . . . . 76 212 . 164 . . . . . . . . . . . . . . 726 342 . . Highest Corruption 46 | . . . . . . . . 6 1 1 8 8 10 10 7 3 . . . . . . 31 35 . . . 1 1 2 12 17 29 34 38 40 46 4 4 5 7 7 3 12 Average Corruption 7 | . . . . . . . . 1 1 1 5 8 9 6 3 3 . . . . . . 9 32 . . . 1 1 1 3 16 20 32 34 39 40 3 2 2 5 3 2 3 Corruption Purged 21 | . . . . . . . . 5 . . . . . 5 7 . . . . . . . . . . . . . . . . . . . . . . . 4 . . . . . Corruption Blocked 6 | . . . . . . . . . . . 6 . . . . . . . . . . . . . . . . . . . . . . . . . . . . . . . . . Effects 793 | . . . . . . . . 7 9 8 71 38 72 33 25 26 . . . . . . 39 76 . . . 11 39 19 34 45 44 77 18 52 2 8 3 . 12 8 11 6 Message Errors 188 | . . . . . . . . 3 1 2 15 14 13 9 12 8 . . . . . . 8 12 . . . 4 8 4 5 9 8 21 3 14 . 3 . . 3 3 4 2 Matter Fused 179 | . . . . . . . . 2 4 1 19 11 15 6 5 8 . . . . . . 9 18 . . . 3 9 2 8 10 11 14 5 9 . 2 1 . 5 . 2 . Heat Flow Errors 87 | . . . . . . . . . 1 2 7 5 9 3 . 3 . . . . . . 6 8 . . . . 6 3 6 3 5 9 . 6 . . . . 2 1 2 . Energy Discharges 88 | . . . . . . . . 1 1 1 5 1 8 7 . 1 . . . . . . 4 9 . . . 1 7 4 6 10 . 5 1 9 1 . . . 1 1 1 3 Parts Rejected 15 | . . . . . . . . . . . 3 . 2 . . . . . . . . . . 2 . . . . . . . . 1 3 2 1 . . . . . 1 . . Parts Fused 8 | . . . . . . . . . . . 1 . . 1 1 . . . . . . . . 1 . . . 1 . . 1 . . 2 . . . . . . . . . . Data Loss (minor) 82 | . . . . . . . . . 2 1 11 2 3 2 2 2 . . . . . . 5 10 . . . 1 5 . 6 5 4 10 2 5 . 1 1 . . 1 . 1 Data Loss (major) 46 | . . . . . . . . . . . 4 2 9 1 1 . . . . . . . 2 7 . . . 1 2 3 . 3 4 1 . 2 1 1 1 . . . 1 . Misfires 38 | . . . . . . . . . . . 3 1 5 3 2 2 . . . . . . 1 4 . . . . 2 1 2 . 3 4 2 1 . . . . 1 1 . . Alerts 12 | . . . . . . . . 1 . 1 2 1 1 . 1 2 . . . . . . 1 1 . . . . . . . 1 . . . . . . . . . . . . Misdirections 7 | . . . . . . . . . . . . . . . . . . . . . . . . 1 . . . . . . . 1 2 1 2 . . . . . . . . . Weapon Failures 43 | . . . . . . . . . . . 1 1 7 1 1 . . . . . . . 3 3 . . . . . 2 . 3 6 7 1 5 . 1 . . . . 1 . Overload Shots . | . . . . . . . . . . . . . . . . . . . . . . . . . . . . . . . . . . . . . . . . . . . . . Overflow Damage 2955 | . . 11 . . . 30 114 84 . 37 . . 72 61 42 53 128 37 240 36 . 6 98 179 25 . . 55 284 79 151 150 266 148 9 47 . 19 . . 63 356 69 6 Projectiles 1819 | . . 11 . . . . . 48 . . . . 54 4 40 . 20 37 231 36 . . 1 140 25 . . 45 250 35 151 67 212 51 9 47 . 19 . . 14 252 14 6 Explosions 652 | . . . . . . 30 8 36 . 37 . . . 16 . 53 108 . . . . . 84 1 . . . 10 7 44 . 83 . 90 . . . . . . . . 45 . Melee 484 | . . . . . . . 106 . . . . . 18 41 2 . . . 9 . . 6 13 38 . . . . 27 . . . 54 7 . . . . . . 49 104 10 . Knockbacks 84 | . . 3 5 . . . . 12 . . . . 3 3 13 1 2 8 14 5 . . . . . . . 11 1 . 1 . 1 . . . . . . . . . 1 . Impact 7 | . . . . . . . . . . . . . . . 1 . 1 . 1 . . . . . . . . . 1 . 1 . 1 . . . . . . . . . 1 . Kinetic 72 | . . 3 4 . . . . 12 . . . . 3 3 12 1 1 8 10 4 . . . . . . . 11 . . . . . . . . . . . . . . . . Secondary 5 | . . . 1 . . . . . . . . . . . . . . . 3 1 . . . . . . . . . . . . . . . . . . . . . . . . Self-Inflicted Damage 1134 | . 21 . . . . 68 29 . . . . . . . . 33 160 . . . . . 599 9 . . . . 17 . . 22 . 88 11 . . . . . . . 77 . Shots 37 | . 1 . . . . 4 1 . . . . . . . . 1 2 . . . . . 20 1 . . . . 1 . . 1 . 2 1 . . . . . . . 2 . Rammed 75 | . 6 4 4 . . 4 4 . 2 . 4 . 1 . 5 . 2 . 2 1 . 1 10 . . . . 8 9 . 2 . 2 2 . . . 2 . . . . . . Targets Rammed 97 | 1 7 4 4 . . 5 4 1 2 . 5 . 2 . 5 . 3 . 3 1 . 1 11 1 1 . . 8 11 . 2 . 2 3 . . . 2 . . . . 8 . Kicked 9 | . . . . . . . . . . . . . . . . . . . . . . . . . 1 . . . . . . . . . . . . . . . . . 8 . Crushed 13 | 1 1 . . . . 1 . 1 . . 1 . 1 . . . 1 . 1 . . . 1 1 . . . . 2 . . . . 1 . . . . . . . . . . Highest Temperature 658 | . 48 272 329 . . 18 372 369 351 332 267 243 237 250 147 378 2 90 108 354 . . 327 530 160 . . 658 340 260 462 213 360 378 198 560 . 317 349 306 343 188 292 76 Average Temperature 90 | . 10 110 78 . . 8 63 103 58 109 94 114 80 58 38 145 2 32 35 89 . . 79 163 73 . . 221 58 60 120 80 105 76 105 118 . 115 95 103 99 66 43 36 Received Heat Transfer 11310 | . 246 72 708 . . 144 342 306 387 153 657 . 537 420 474 628 6 197 236 544 . . 240 504 74 . . 2013 222 419 60 121 124 293 18 21 . 76 69 45 . 504 378 72 Effects 54 | . . 1 2 . . . . 2 . 1 . . . . . 2 . . . . . . 1 2 . . . 21 . . 5 . 3 . . 7 . 5 1 1 . . . . Shutdowns 6 | . . . 1 . . . . 1 . . . . . . . . . . . . . . . . . . . 1 . . . . . . . 2 . . 1 . . . . . Energy Bleed 11 | . . 1 . . . . . . . . . . . . . . . . . . . . . 1 . . . 6 . . . . . . . 1 . 1 . 1 . . . . Interference 16 | . . . . . . . . 1 . . . . . . . 2 . . . . . . 1 1 . . . 1 . . 4 . 3 . . . . 3 . . . . . . Matter Decay 6 | . . . . . . . . . . 1 . . . . . . . . . . . . . . . . . 4 . . . . . . . . . 1 . . . . . . Short Circuit 4 | . . . 1 . . . . . . . . . . . . . . . . . . . . . . . . 2 . . 1 . . . . . . . . . . . . . Damage (minor) 1 | . . . . . . . . . . . . . . . . . . . . . . . . . . . . 1 . . . . . . . . . . . . . . . . Damage (major) 10 | . . . . . . . . . . . . . . . . . . . . . . . . . . . . 6 . . . . . . . 4 . . . . . . . . Siege Activations 133 | . . . . . . . . . . . . . 9 4 16 6 3 5 11 8 . . 9 1 . . . 2 17 10 6 5 6 9 2 3 . 1 . . . . . . Total Turns 2730 | . . . . . . . . . . . . . 203 122 219 142 76 102 147 291 . . 115 2 . . . 48 264 281 193 159 132 134 25 40 . 35 . . . . . . Longest Duration 111 | . . . . . . . . . . . . . 35 80 41 77 44 29 32 104 . . 45 2 . . . 31 62 84 111 95 40 56 15 18 . 35 . . . . . . Robots Corrupted 6 | . . . . . . . 1 . . . . . 1 . . . . . 1 . . . . . 2 . . . . 1 . . . . . . . . . . . . . . Combat Hostiles 6 | . . . . . . . 1 . . . . . 1 . . . . . 1 . . . . . 2 . . . . 1 . . . . . . . . . . . . . . Parts Fried 38 | . 1 . . . . . 14 . . . . . 2 . . . 1 2 2 4 . . 4 . 5 . . . . . . . . . 1 . . . . . . . 2 . Impact Corruptions 12 | . . . . . . . . . . . . . 1 . 1 . . . 3 . . 1 1 . . . . . 1 . . . 2 1 . . . . . . . . 1 . Robots Melted 14 | . . . . . . . . . . . . . . 1 1 . . . 1 . . . . . . . . . 5 . 2 3 . 1 . . . . . . . . . . Combat Hostiles 13 | . . . . . . . . . . . . . . 1 1 . . . 1 . . . . . . . . . 4 . 2 3 . 1 . . . . . . . . . . Parts Melted 57 | . . . . . . . 1 . . . . . 1 1 2 1 . . 2 1 . . . 2 . . . . 16 1 4 6 8 5 1 3 . . . . . 1 1 . Heat Transferred 28979 | . 150 . 814 . . 50 400 148 . . 259 . 1295 666 2109 813 150 . 1559 1295 . . 444 2401 185 . . 37 3110 2586 1332 2294 2220 2220 962 851 . 518 . . 111 . . . Parts Sabotaged 1 | . . . . . . . . . . . . . . . . . . . . . . . . . . . . . . . . . . 1 . . . . . . . . . . Parts Stolen . | . . . . . . . . . . . . . . . . . . . . . . . . . . . . . . . . . . . . . . . . . . . . . Parts Stripped . | . . . . . . . . . . . . . . . . . . . . . . . . . . . . . . . . . . . . . . . . . . . . . Power Chain Reactions 13 | . 3 . . . . 1 5 1 . . . . . . . . . . . . . . . . . . . . . 2 . . . . 1 . . . . . . . . . Missiles Intercepted . | . . . . . . . . . . . . . . . . . . . . . . . . . . . . . . . . . . . . . . . . . . . . . Alert | -11 -10 -10 -9 -9 -9 -8 -8 -8 -8 -8 -7 -7 -7 -7 -7 -7 -6 -6 -6 -6 -6 -6 -6 -6 -5 -5 -5 -5 -5 -5 -4 -4 -4 -4 -4 -4 -4 -3 -3 -2 -2 -2 -1 -1 ------- Run | Jun Mat Min Mat Min Exi Min Mat Gar Mat Gar Fac Was Fac Gar Fac Gar Fac Gar Fac Ext Cet Arc Hub Gar Fac Was Fac Gar Fac Gar Fac Gar Fac Gar Fac Upp Upp Res Gar Res Tes Sec Acc Com Peak Influence 3475 | 5 261 165 545 199 . 108 431 1302 895 1040 731 147 353 917 533 989 640 765 515 356 449 236 641 922 603 79 240 710 525 1184 960 796 468 1076 665 . . 403 758 519 285 2780 3475 2363 Initial 2224 | . 3 101 5 199 . . 41 204 634 216 546 147 . 134 480 346 518 319 401 235 179 118 . 448 473 67 . 168 372 140 621 242 417 327 559 . . 62 302 416 119 159 1668 2224 Average 400 | 1 103 96 379 199 . 52 207 782 625 763 433 45 155 609 320 700 472 588 380 111 352 126 298 641 398 21 40 481 199 740 430 605 374 766 569 . . 132 368 364 209 1086 2374 2264 Maximum Alert Level 5 | . 1 . 2 . . . 2 4 3 3 3 . 1 3 2 3 2 3 2 1 2 1 2 3 2 . 1 3 2 4 3 3 2 3 2 . . 2 3 2 1 5 5 5 Low Security (%) 29 | 100 91 100 14 100 . 100 46 . . . . 100 65 7 8 . . . . 75 4 56 21 . 27 100 91 10 45 5 19 . . . . . . 80 . 18 25 13 . . Level 1 30 | . 8 . 24 . . . 51 14 20 12 44 . 34 14 68 16 11 15 65 24 41 43 60 . 2 . 8 12 42 13 44 26 40 4 . . . 18 79 37 74 30 . . Level 2 24 | . . . 60 . . . 2 32 24 19 50 . . 20 23 36 88 69 34 . 53 . 17 67 69 . . 67 11 20 11 36 59 26 100 . . 1 16 44 . 14 . . Level 3 12 | . . . . . . . . 24 54 68 5 . . 56 . 47 . 15 . . . . . 32 . . . 9 . 53 24 37 . 68 . . . . 4 . . . . . Level 4 . | . . . . . . . . 28 . . . . . . . . . . . . . . . . . . . . . 6 . . . . . . . . . . . . . . Level 5 . | . . . . . . . . . . . . . . . . . . . . . . . . . . . . . . . . . . . . . . . . . . . 37 100 High Security . | . . . . . . . . . . . . . . . . . . . . . . . . . . . . . . . . . . . . . . . . . . . . . Max Security 1 | . . . . . . . . . . . . . . . . . . . . . . . . . . . . . . . . . . . . . . . . . . 42 62 . Squads Dispatched 172 | . 6 . 5 . . 1 6 . 5 . 8 . 10 . 7 . 3 . 9 2 . . 11 . 2 . 2 . 18 . 10 . 6 . 4 . . 10 . 2 3 14 27 1 Investigation 32 | . 4 . 3 . . . . . . . 3 . 1 . 1 . . . 2 1 . . . . . . 1 . 4 . 3 . . . . . . 4 . 1 1 . 2 1 Extermination 33 | . . . . . . . . . . . 3 . 3 . 3 . 2 . 3 . . . 2 . 1 . . . 6 . 4 . 1 . . . . 2 . 1 1 1 . . Reinforcement 45 | . 2 . 2 . . 1 6 . 1 . 2 . 3 . 2 . . . 3 1 . . 6 . 1 . . . 5 . 1 . 2 . 2 . . 4 . . 1 . . . Assault 39 | . . . . . . . . . 1 . . . . . . . . . 1 . . . . . . . . . . . . . . . 2 . . . . . . 13 22 . Garrison 23 | . . . . . . . . . 3 . . . 3 . 1 . 1 . . . . . 3 . . . 1 . 3 . 2 . 3 . . . . . . . . . 3 . Intercept . | . . . . . . . . . . . . . . . . . . . . . . . . . . . . . . . . . . . . . . . . . . . . . Searches Triggered 2 | . . . . . . . . . . . . . . . . . . . . . . . . . . . . . . . . . . . . . . . . 1 . 1 . . Construction Impeded 6 | . . . . . . 1 . . . . . . . . 1 . . . 1 . . . . . . . . . 2 . 1 . . . . . . . . . . . . . Haulers Reinforced 6 | . . . . . . . . . . . . . . . . . . . 2 . . . 3 . . . . . . . . . . . . . . 1 . . . . . . Active Scanning Responses . | . . . . . . . . . . . . . . . . . . . . . . . . . . . . . . . . . . . . . . . . . . . . . Cargo Convoy Interrupts 1 | . . . . . . . . . . . 1 . . . . . . . . . . . . . . . . . . . . . . . . . . . . . . . . . Stealth | -11 -10 -10 -9 -9 -9 -8 -8 -8 -8 -8 -7 -7 -7 -7 -7 -7 -6 -6 -6 -6 -6 -6 -6 -6 -5 -5 -5 -5 -5 -5 -4 -4 -4 -4 -4 -4 -4 -3 -3 -2 -2 -2 -1 -1 --------- Run | Jun Mat Min Mat Min Exi Min Mat Gar Mat Gar Fac Was Fac Gar Fac Gar Fac Gar Fac Ext Cet Arc Hub Gar Fac Was Fac Gar Fac Gar Fac Gar Fac Gar Fac Upp Upp Res Gar Res Tes Sec Acc Com Distress Signals 33 | . . . 4 . . . 2 2 2 . 2 . . . 2 . 1 . 4 1 1 . . . . . 3 1 2 . 1 . . . 1 . . . . . . 2 2 . Communications Jammed 158 | . . . . . . . . . . . . . . . . . . . . 43 . . 90 . . . . . . . 2 . . . 2 . . 10 3 8 . . . . Distress Signals 154 | . . . . . . . . . . . . . . . . . . . . 43 . . 88 . . . . . . . . . . . 2 . . 10 3 8 . . . . Times Spotted 1234 | . 29 10 42 . . 8 48 36 29 24 38 5 32 21 43 28 8 24 52 41 15 4 46 36 16 6 9 36 59 49 29 24 20 33 14 7 . 51 50 29 12 82 74 15 Peak Tracking Total 30 | . 6 3 6 . . 3 8 9 6 5 6 1 5 7 3 6 3 9 5 4 6 2 14 6 4 3 5 8 4 9 4 7 5 8 5 2 . 14 30 16 5 17 23 13 Tactical Retreats 86 | . 2 2 . . . . 1 1 2 1 . . 3 1 1 . 3 6 1 4 1 . . 9 2 . . 2 . 2 2 . 1 . . . . 14 5 3 . 6 11 . Traps | -11 -10 -10 -9 -9 -9 -8 -8 -8 -8 -8 -7 -7 -7 -7 -7 -7 -6 -6 -6 -6 -6 -6 -6 -6 -5 -5 -5 -5 -5 -5 -4 -4 -4 -4 -4 -4 -4 -3 -3 -2 -2 -2 -1 -1 ------- Run | Jun Mat Min Mat Min Exi Min Mat Gar Mat Gar Fac Was Fac Gar Fac Gar Fac Gar Fac Ext Cet Arc Hub Gar Fac Was Fac Gar Fac Gar Fac Gar Fac Gar Fac Upp Upp Res Gar Res Tes Sec Acc Com Traps Triggered 67 | . 2 . 5 . . . 1 5 . 7 7 . 1 1 . . . 1 . 1 . . 1 4 1 . . 3 3 6 2 3 . . . . . 1 5 . . 1 6 . Indirectly 4 | . . . . . . . . . . . . . . . . . . . . . . . . . . . . . . 3 . . . . . . . . . . . . 1 . Trap Hack Attempts . | . . . . . . . . . . . . . . . . . . . . . . . . . . . . . . . . . . . . . . . . . . . . . Triggered . | . . . . . . . . . . . . . . . . . . . . . . . . . . . . . . . . . . . . . . . . . . . . . Disarmed . | . . . . . . . . . . . . . . . . . . . . . . . . . . . . . . . . . . . . . . . . . . . . . Reprogrammed . | . . . . . . . . . . . . . . . . . . . . . . . . . . . . . . . . . . . . . . . . . . . . . Reused . | . . . . . . . . . . . . . . . . . . . . . . . . . . . . . . . . . . . . . . . . . . . . . Traps Extracted . | . . . . . . . . . . . . . . . . . . . . . . . . . . . . . . . . . . . . . . . . . . . . . Installed . | . . . . . . . . . . . . . . . . . . . . . . . . . . . . . . . . . . . . . . . . . . . . . Triggered 4 | . . . . . . . . . . . 1 . . . . . . . . . . . . . . . . . 2 . . . . . . . . . . . . 1 . . Exploded 1 | . . . . . 1 . . . . . . . . . . . . . . . . . . . . . . . . . . . . . . . . . . . . . . . Machines | -11 -10 -10 -9 -9 -9 -8 -8 -8 -8 -8 -7 -7 -7 -7 -7 -7 -6 -6 -6 -6 -6 -6 -6 -6 -5 -5 -5 -5 -5 -5 -4 -4 -4 -4 -4 -4 -4 -3 -3 -2 -2 -2 -1 -1 ---------- Run | Jun Mat Min Mat Min Exi Min Mat Gar Mat Gar Fac Was Fac Gar Fac Gar Fac Gar Fac Ext Cet Arc Hub Gar Fac Was Fac Gar Fac Gar Fac Gar Fac Gar Fac Upp Upp Res Gar Res Tes Sec Acc Com Machines Disabled 131 | . 1 . 1 . . . 1 4 2 2 2 . 2 4 2 3 4 2 5 . 2 2 18 1 . . 2 3 8 5 8 4 1 6 4 . . . 2 . 4 15 9 2 Max in Single Turn 7 | . 1 . 1 . . . 1 1 1 1 1 . 1 1 1 1 4 1 1 . . . 7 1 . . . 1 6 1 1 1 1 1 1 . . . 1 . 1 3 2 1 Garrison Access 7 | . . . . . . . . . . . 1 . . . 1 . . . . . . . 1 . . . . . . . 1 . . . 1 . . . . . 1 1 . . Garrison Relay 28 | . . . . . . . . 3 . 2 . . . 3 . 4 . 1 . . . . . . . . . 1 . 3 . 3 . 5 . . . . 3 . . . . . Network Hub 1 | . . . . . . . . . . . . . . . . . . . . . . . 1 . . . . . . . . . . . . . . . . . . . . . Machines Repaired . | . . . . . . . . . . . . . . . . . . . . . . . . . . . . . . . . . . . . . . . . . . . . . Machines Sabotaged . | . . . . . . . . . . . . . . . . . . . . . . . . . . . . . . . . . . . . . . . . . . . . . Overloaded Fab Kills . | . . . . . . . . . . . . . . . . . . . . . . . . . . . . . . . . . . . . . . . . . . . . . Hacking | -11 -10 -10 -9 -9 -9 -8 -8 -8 -8 -8 -7 -7 -7 -7 -7 -7 -6 -6 -6 -6 -6 -6 -6 -6 -5 -5 -5 -5 -5 -5 -4 -4 -4 -4 -4 -4 -4 -3 -3 -2 -2 -2 -1 -1 --------- Run | Jun Mat Min Mat Min Exi Min Mat Gar Mat Gar Fac Was Fac Gar Fac Gar Fac Gar Fac Ext Cet Arc Hub Gar Fac Was Fac Gar Fac Gar Fac Gar Fac Gar Fac Upp Upp Res Gar Res Tes Sec Acc Com Machines Accessed 216 | . 7 . 9 . 2 . 10 3 6 2 16 . 4 2 19 2 8 2 10 11 1 . 8 . 1 . 7 1 22 2 12 2 3 1 2 1 . 11 . 6 8 9 3 3 Terminals 131 | . 4 . 7 . . . 7 3 2 2 9 . 1 2 8 2 2 2 6 9 1 . 6 . 1 . 3 1 12 2 4 2 2 1 2 . . 5 . 4 5 9 2 3 Fabricators 15 | . . . . . . . . . . . 2 . . . 2 . 1 . 1 . . . . . . . 1 . 3 . 3 . . . . . . 2 . . . . . . Repair Stations 24 | . 1 . 1 . . . 2 . 2 . 2 . 1 . 2 . 1 . 2 1 . . . . . . 1 . 1 . 3 . . . . . . 1 . 1 2 . . . Recycling Units 16 | . 2 . . . . . . . . . 2 . 1 . 2 . 2 . . 1 . . . . . . . . 4 . . . . . . . . 1 . 1 . . . . Scanalyzers 10 | . . . 1 . . . . . 1 . . . . . 3 . 1 . 1 . . . . . . . 1 . 1 . . . . . . . . 1 . . . . . . Garrison Access 17 | . . . . . . . 1 . 1 . 1 . 1 . 2 . 1 . . . . . 2 . . . 1 . 1 . 2 . 1 . . . . 1 . . 1 . 1 . Total Hacks 595 | . 16 . 35 . 2 . 29 6 21 4 46 . 7 2 38 4 16 5 24 30 2 . 15 . 1 . 35 5 69 6 56 9 7 1 6 1 . 29 . 20 15 16 8 9 Successful 329 | . 10 . 22 . 2 . 20 1 15 . 27 . 3 2 18 2 7 2 9 13 1 . 6 . 1 . 26 3 34 3 46 2 4 1 1 1 . 16 . 15 8 8 . . Failed 264 | . 5 . 13 . . . 9 5 6 4 18 . 4 . 20 2 9 3 15 17 1 . 9 . . . 9 2 35 3 10 7 3 . 5 . . 13 . 5 7 8 8 9 Catastrophic 61 | . . . 1 . . . 3 1 1 . 2 . 1 . 5 1 3 . 4 1 1 . 2 . . . 1 . 10 . 1 3 1 . 2 . . 2 . 2 2 2 4 5 Database Lockouts 2 | . 1 . . . . . . . . . 1 . . . . . . . . . . . . . . . . . . . . . . . . . . . . . . . . . Manual 209 | . 12 . 16 . 1 . 11 . 5 . 17 . 4 . 11 . 4 . 5 7 1 . 10 . 1 . 7 4 32 2 18 9 3 . 2 . . 12 . 5 1 9 . . Terminals 338 | . 9 . 19 . . . 20 6 5 4 24 . 2 2 16 4 4 5 15 23 2 . 12 . 1 . 10 5 35 6 22 9 6 1 6 . . 16 . 12 6 16 6 9 Fabricators 44 | . . . . . . . . . . . 4 . . . 5 . 5 . 2 . . . . . . . 2 . 12 . 10 . . . . . . 4 . . . . . . Repair Stations 109 | . 5 . 8 . . . 8 . 8 . 12 . 2 . 4 . 2 . 5 5 . . . . . . 11 . 3 . 20 . . . . . . 2 . 6 8 . . . Recycling Units 27 | . 2 . . . . . . . . . 5 . 2 . 2 . 2 . . 2 . . . . . . . . 9 . . . . . . . . 1 . 2 . . . . Scanalyzers 50 | . . . 8 . . . . . 7 . . . . . 8 . 2 . 2 . . . . . . . 10 . 9 . . . . . . . . 4 . . . . . . Garrison Access 24 | . . . . . . . 1 . 1 . 1 . 1 . 3 . 1 . . . . . 3 . . . 2 . 1 . 4 . 1 . . . . 2 . . 1 . 2 . Terminal Hacks 98 | . 2 . 5 . 2 . 8 1 1 . 9 . . 2 2 2 . 2 2 8 1 . 3 . . . 2 3 6 3 10 2 1 1 1 1 . 4 . 6 2 6 . . Record 1 | . . . . . 1 . . . . . . . . . . . . . . . . . . . . . . . . . . . . . . . . . . . . . . . Part Schematic 3 | . . . . . . . . . . . 1 . . . . . . . . . . . . . . . . . . . . . . . . . . 2 . . . . . . Robot Schematic 2 | . . . 1 . . . . . . . . . . . . . . . . . . . . . . . . . . . . . . . . . . . . 1 . . . . Robot Analysis 4 | . 2 . 1 . . . . . . . . . . . . . . . . . . . . . . . . . 1 . . . . . . . . . . . . . . . Prototype ID Bank 7 | . . . 2 . . . 1 . . . 1 . . . . . . . . 1 . . . . . . . . . . 1 . . . . . . . . . 1 . . . Open Door 14 | . . . . . . . . . . . . . . . . 1 . . 1 5 1 . . . . . . . . . . . . 1 . 1 . . . . . 4 . . Level Access Points 1 | . . . . . . . . . . . . . . . . . . . . . . . . . . . . . . . . . . . . . . . . . . 1 . . Branch Access Points 2 | . . . . . . . . . . . . . . . . . . . 1 . . . . . . . . . . . . . . . . . . . . 1 . . . . Emergency Access Points 5 | . . . . . . . . 1 . . 1 . . 1 . 1 . 1 . . . . . . . . . . . . . . . . . . . . . . . . . . Machine Index 2 | . . . . . . . . . . . . . . . . . . . . . . . . . . . . . . . 1 . . . . . . 1 . . . . . . Terminal Index 4 | . . . . . . . . . . . 1 . . . 1 . . . . . . . . . . . . . . . . . 1 . . . . . . 1 . . . . Fabricator Index 1 | . . . . . . . . . . . . . . . . . . . . . . . . . . . 1 . . . . . . . . . . . . . . . . . Repair Station Index 1 | . . . . . . . . . . . . . . . . . . . . . . . . . . . 1 . . . . . . . . . . . . . . . . . Unreport Threat 18 | . . . . . . . 2 . 1 . 1 . . . . . . . . 2 . . 2 . . . . . 4 . 4 . . . 1 . . . . 1 . . . . Locate Traps 6 | . . . . . . . 1 . . . 2 . . . . . . . . . . . 1 . . . . . 1 . 1 . . . . . . . . . . . . . Dispatch Records 1 | . . . . . . . 1 . . . . . . . . . . . . . . . . . . . . . . . . . . . . . . . . . . . . . Patrol Status 1 | . . . . . . . . . . . . . . . . . . . . . . . . . . . . . . . . . . . . . . . . 1 . . . . Investigation Status 1 | . . . . . . . . . . . . . . . . . . . . . . . . . . . . . . . . . . . . . . . . 1 . . . . Recall Investigation 1 | . . . . . . . 1 . . . . . . . . . . . . . . . . . . . . . . . . . . . . . . . . . . . . . Recall Extermination 3 | . . . . . . . . . . . . . . . . . . . . . . . . . . . . . . . 1 . . . . . . 1 . . 1 . . . Recall Reinforcements 1 | . . . . . . . 1 . . . . . . . . . . . . . . . . . . . . . . . . . . . . . . . . . . . . . Hauler Manifests 5 | . . . 1 . . . 1 . . . 1 . . . 1 . . . . . . . . . . . . . . . 1 . . . . . . . . . . . . . Zone Layout 2 | . . . . . . . . . . . 1 . . . . . . . . . . . . . . . . . . . 1 . . . . . . . . . . . . . Garrison Registry 5 | . . . . . . . . . . . . . . 1 . . . 1 . . . . . . . . . 1 . 1 . 1 . . . . . . . . . . . . Patrol Navigation 3 | . . . . . . . . . . . . . . . . . . . . . . . . . . . . 1 . 1 . 1 . . . . . . . . . . . . Security Stations 2 | . . . . . . . . . . . . . . . . . . . . . . . . . . . . 1 . 1 . . . . . . . . . . . . . . EX-Prototype ID Bank 1 | . . . . . 1 . . . . . . . . . . . . . . . . . . . . . . . . . . . . . . . . . . . . . . . Activate Exoskeleton 1 | . . . . . . . . . . . . . . . . . . . . . . . . . . . . . . . . . . . . . . . . . . 1 . . Fabricator Hacks 27 | . . . . . . . . . . . 3 . . . 2 . 1 . 2 . . . . . . . 1 . 7 . 7 . . . . . . 4 . . . . . . Network Status 4 | . . . . . . . . . . . 1 . . . . . . . . . . . . . . . 1 . 1 . 1 . . . . . . . . . . . . . Load Schematic 12 | . . . . . . . . . . . 1 . . . 1 . 1 . 1 . . . . . . . . . 3 . 3 . . . . . . 2 . . . . . . Build 11 | . . . . . . . . . . . 1 . . . 1 . . . 1 . . . . . . . . . 3 . 3 . . . . . . 2 . . . . . . Repair Station Hacks 86 | . 4 . 6 . . . 8 . 8 . 8 . 2 . 3 . 2 . 3 3 . . . . . . 8 . 2 . 18 . . . . . . 2 . 5 4 . . . Scan Component 46 | . 2 . 3 . . . 4 . 4 . 4 . 1 . 2 . 1 . 2 2 . . . . . . 4 . 1 . 9 . . . . . . 1 . 3 3 . . . Repair 40 | . 2 . 3 . . . 4 . 4 . 4 . 1 . 1 . 1 . 1 1 . . . . . . 4 . 1 . 9 . . . . . . 1 . 2 1 . . . Recycling Unit Hacks 10 | . . . . . . . . . . . 2 . . . . . . . . . . . . . . . . . 5 . . . . . . . . 1 . 2 . . . . Retrieve Components 10 | . . . . . . . . . . . 2 . . . . . . . . . . . . . . . . . 5 . . . . . . . . 1 . 2 . . . . Scanalyzer 35 | . . . 8 . . . . . 5 . . . . . 3 . 2 . . . . . . . . . 10 . 5 . . . . . . . . 2 . . . . . . Insert Component 18 | . . . 4 . . . . . 2 . . . . . 2 . 1 . . . . . . . . . 5 . 2 . . . . . . . . 2 . . . . . . Analyze 17 | . . . 4 . . . . . 3 . . . . . 1 . 1 . . . . . . . . . 5 . 3 . . . . . . . . . . . . . . . Garrison Access Hacks 22 | . . . . . . . 1 . 1 . 1 . 1 . 3 . 1 . . . . . 3 . . . 2 . 1 . 4 . 1 . . . . 2 . . 1 . . . Unlock Access 11 | . . . . . . . 1 . 1 . . . 1 . 1 . 1 . . . . . 1 . . . 1 . 1 . 1 . 1 . . . . 1 . . . . . . Seal Access 5 | . . . . . . . . . . . 1 . . . 1 . . . . . . . 1 . . . . . . . 1 . . . . . . . . . 1 . . . Coupler Status 6 | . . . . . . . . . . . . . . . 1 . . . . . . . 1 . . . 1 . . . 2 . . . . . . 1 . . . . . . Unauthorized Hacks 51 | . 4 . 3 . . . 3 . . . 4 . . . 5 . 1 . 2 2 . . . . 1 . 3 . 8 . 7 . 2 . . . . 1 . 2 1 2 . . Terminals 40 | . 2 . 3 . . . 3 . . . 3 . . . 5 . 1 . 2 1 . . . . 1 . 3 . 3 . 5 . 2 . . . . 1 . 2 1 2 . . Track 2 | . . . . . . . . . . . . . . . 1 . . . . . . . . . . . . . . . 1 . . . . . . . . . . . . . Assimilate 3 | . . . . . . . . . . . . . . . 1 . . . . . . . . . . . . . . . 1 . . . . . . 1 . . . . . . Botnet 27 | . 1 . 1 . . . 2 . . . 2 . . . 2 . 1 . 2 1 . . . . 1 . 2 . 3 . 2 . 2 . . . . . . 2 1 2 . . Operators 8 | . 1 . 2 . . . 1 . . . 1 . . . 1 . . . . . . . . . . . 1 . . . 1 . . . . . . . . . . . . . Fabricators 5 | . . . . . . . . . . . . . . . . . . . . . . . . . . . . . 3 . 2 . . . . . . . . . . . . . Prioritize 3 | . . . . . . . . . . . . . . . . . . . . . . . . . . . . . 1 . 2 . . . . . . . . . . . . . Liberate 2 | . . . . . . . . . . . . . . . . . . . . . . . . . . . . . 2 . . . . . . . . . . . . . . . Repair Stations . | . . . . . . . . . . . . . . . . . . . . . . . . . . . . . . . . . . . . . . . . . . . . . Recycling Units 6 | . 2 . . . . . . . . . 1 . . . . . . . . 1 . . . . . . . . 2 . . . . . . . . . . . . . . . Reject 4 | . . . . . . . . . . . 1 . . . . . . . . 1 . . . . . . . . 2 . . . . . . . . . . . . . . . Tunnel 2 | . 2 . . . . . . . . . . . . . . . . . . . . . . . . . . . . . . . . . . . . . . . . . . . Scanalyzers . | . . . . . . . . . . . . . . . . . . . . . . . . . . . . . . . . . . . . . . . . . . . . . Garrison Access . | . . . . . . . . . . . . . . . . . . . . . . . . . . . . . . . . . . . . . . . . . . . . . Data Cores Recovered 2 | . . . . . . . . . . . . . . . . . . . . . . . 1 . . . . . . . . . . . 1 . . . . . . . . . Used 1 | . . . . . . . . . . . . . . . . . . . . . . . . . . . . . . . . . . . 1 . . . . . . . . . Hacking Detections 175 | . 5 . 8 . . . 9 3 5 2 12 . 3 1 19 1 7 2 9 9 1 . 7 . . . 6 1 18 1 11 2 2 . 2 . . 11 . 4 5 3 3 3 Full Trace Events 26 | . . . 1 . . . 1 1 . 1 2 . 1 . 1 . . . 2 1 . . . . . . . . 3 . 3 . . . . . . 4 . 1 1 . 2 1 Feedback Events 2 | . . . . . . . . . . . . . . . . . . . . . . . . . . . . . . . . . . . . . . 1 . . . . 1 . Corruption 2 | . . . . . . . . . . . . . . . . . . . . . . . . . . . . . . . . . . . . . . 1 . . . . 1 . Feedback Blocked . | . . . . . . . . . . . . . . . . . . . . . . . . . . . . . . . . . . . . . . . . . . . . . Robot Schematics Acquired 2 | . . . 1 . . . . . . . . . . . . . . . . . . . . . . . . . . . . . . . . . . . . 1 . . . . Robots Built . | . . . . . . . . . . . . . . . . . . . . . . . . . . . . . . . . . . . . . . . . . . . . . Authchips . | . . . . . . . . . . . . . . . . . . . . . . . . . . . . . . . . . . . . . . . . . . . . . Time . | . . . . . . . . . . . . . . . . . . . . . . . . . . . . . . . . . . . . . . . . . . . . . Total Robot Build Rating . | . . . . . . . . . . . . . . . . . . . . . . . . . . . . . . . . . . . . . . . . . . . . . Part Schematics Acquired 18 | . . . 4 . . . . . 2 . 1 . . . 1 . 1 . . . . . . . . . 5 . 2 . . . . . . . . 2 . . . . . . Parts Built 13 | . . . . . . . . . . . 1 . . . 1 . . . 1 . . . . . . . . . 3 . 5 . . . . . . 2 . . . . . . Authchips . | . . . . . . . . . . . . . . . . . . . . . . . . . . . . . . . . . . . . . . . . . . . . . Time 635 | . . . . . . . . . . . 51 . . . 42 . . . 106 . . . . . . . . . 254 . 74 . . . . . . 108 . . . . . . Total Part Build Rating 72 | . . . . . . . . . . . 1 . . . 4 . . . 6 . . . . . . . . . 16 . 29 . . . . . . 16 . . . . . . Parts Repaired 40 | . 2 . 3 . . . 4 . 4 . 4 . 1 . 1 . 1 . 1 1 . . . . . . 4 . 1 . 9 . . . . . . 1 . 2 1 . . . Time 1866 | . 52 . 90 . . . 135 . 216 . 158 . 56 . 22 . 62 . 43 25 . . . . . . 135 . 28 . 487 . . . . . . 45 . 244 68 . . . Parts Recycled . | . . . . . . . . . . . . . . . . . . . . . . . . . . . . . . . . . . . . . . . . . . . . . Recycled Matter . | . . . . . . . . . . . . . . . . . . . . . . . . . . . . . . . . . . . . . . . . . . . . . Retrieved Matter . | . . . . . . . . . . . . . . . . . . . . . . . . . . . . . . . . . . . . . . . . . . . . . Retrieved Components 45 | . . . . . . . . . . . 11 . . . . . . . . . . . . . . . . . 26 . . . . . . . . 8 . . . . . . Parts Scanalyzed 17 | . . . 4 . . . . . 2 . . . . . 2 . 1 . . . . . . . . . 5 . 2 . . . . . . . . 1 . . . . . . Part Schematics Acquired 15 | . . . 4 . . . . . 2 . . . . . 1 . 1 . . . . . . . . . 5 . 2 . . . . . . . . . . . . . . . Parts Damaged 1 | . . . . . . . . . 1 . . . . . . . . . . . . . . . . . . . . . . . . . . . . . . . . . . . Bothacking | -11 -10 -10 -9 -9 -9 -8 -8 -8 -8 -8 -7 -7 -7 -7 -7 -7 -6 -6 -6 -6 -6 -6 -6 -6 -5 -5 -5 -5 -5 -5 -4 -4 -4 -4 -4 -4 -4 -3 -3 -2 -2 -2 -1 -1 ------------ Run | Jun Mat Min Mat Min Exi Min Mat Gar Mat Gar Fac Was Fac Gar Fac Gar Fac Gar Fac Ext Cet Arc Hub Gar Fac Was Fac Gar Fac Gar Fac Gar Fac Gar Fac Upp Upp Res Gar Res Tes Sec Acc Com Used RIF Installer 13 | . . . . . . . . 1 . 1 . . . 2 . 2 . 1 . . . . . 1 . . . 1 . 1 . 1 . 1 . . . . 1 . . . . . Hotswap 1 | . . . . . . . . . . . . . . . . 1 . . . . . . . . . . . . . . . . . . . . . . . . . . . . Code Merge 1 | . . . . . . . . . . . . . . . . . . . . . . . . . . . . . . 1 . . . . . . . . . . . . . . Threat Obfuscator 1 | . . . . . . . . . . . . . . 1 . . . . . . . . . . . . . . . . . . . . . . . . . . . . . . Signal Jammer 1 | . . . . . . . . . . . . . . . . . . . . . . . . . . . . . . . . . . 1 . . . . . . . . . . Zone Cloak 2 | . . . . . . . . . . . . . . . . . . 1 . . . . . . . . . . . . . 1 . . . . . . . . . . . . Watcher Feeds 1 | . . . . . . . . . . . . . . 1 . . . . . . . . . . . . . . . . . . . . . . . . . . . . . . Patrol Navigation 1 | . . . . . . . . . . 1 . . . . . . . . . . . . . . . . . . . . . . . . . . . . . . . . . . Alert ID Control 1 | . . . . . . . . . . . . . . . . . . . . . . . . . . . . . . . . . . . . . . . 1 . . . . . Structural Interface 1 | . . . . . . . . . . . . . . . . . . . . . . . . 1 . . . . . . . . . . . . . . . . . . . . Program Shield 1 | . . . . . . . . . . . . . . . . . . . . . . . . . . . . 1 . . . . . . . . . . . . . . . . Autooverride 1 | . . . . . . . . . . . . . . . . 1 . . . . . . . . . . . . . . . . . . . . . . . . . . . . Robots Hacked 67 | . . . . . . . . . 2 . 1 6 1 . 2 2 . 2 6 1 1 . 5 2 1 6 . . . . 2 3 3 7 5 1 . 6 . 1 1 . . . Non-combat 14 | . . . . . . . . . 2 . 1 . 1 . 2 . . . 1 . . . 3 . 1 . . . . . . . 1 . . . . 1 . 1 . . . . Combat 53 | . . . . . . . . . . . . 6 . . . 2 . 2 5 1 1 . 2 2 . 6 . . . . 2 3 2 7 5 1 . 5 . . 1 . . . Autooverrided 14 | . . . . . . . . . . . . . . . . . . 1 2 1 . . 2 . . . . . . . . . 1 2 1 . . 4 . . . . . . Robot Hacks Applied 68 | . . . . . . . . . 7 . 1 7 2 . 3 2 . 1 4 . 1 . 6 2 1 8 . . . . 2 3 3 5 4 1 . 3 . 1 1 . . . parse_system 2 | . . . . . . . . . . . . . . . . . . . . . 1 . . . . 1 . . . . . . . . . . . . . . . . . . no_distress 1 | . . . . . . . . . . . . . . . . . . . . . . . 1 . . . . . . . . . . . . . . . . . . . . . find_chute 1 | . . . . . . . . . . . 1 . . . . . . . . . . . . . . . . . . . . . . . . . . . . . . . . . drop_inventory 5 | . . . . . . . . . 1 . . . . . . . . . . . . . 1 . . . . . . . . . 1 . . . . 1 . 1 . . . . recall_reinforcements 2 | . . . . . . . . . . . . . . . . . . . . . . . 1 . . . . . . . . . . . . . . 1 . . . . . . purge_threat 7 | . . . . . . . . . 3 . . . 1 . . . . . . . . . 2 . 1 . . . . . . . . . . . . . . . . . . . locate_traps 1 | . . . . . . . . . 1 . . . . . . . . . . . . . . . . . . . . . . . . . . . . . . . . . . . reprogram_traps 1 | . . . . . . . . . 1 . . . . . . . . . . . . . . . . . . . . . . . . . . . . . . . . . . . block_reporting 1 | . . . . . . . . . . . . . . . 1 . . . . . . . . . . . . . . . . . . . . . . . . . . . . . map_route 1 | . . . . . . . . . . . . . . . . . . . 1 . . . . . . . . . . . . . . . . . . . . . . . . . locate_prototypes 1 | . . . . . . . . . . . . . . . . . . . . . . . . . . . . . . . . . . . . . . . . . 1 . . . ignore_targets 14 | . . . . . . . . . . . . 7 . . . . . . . . . . . . . 7 . . . . . . . . . . . . . . . . . . overload_power 1 | . . . . . . . . . . . . . . . . . . . . . . . . . . . . . . . . . . . 1 . . . . . . . . . go_dormant 1 | . . . . . . . . . . . . . . . . . . . . . . . . . . . . . . . . 1 . . . . . . . . . . . . overwrite_iff 10 | . . . . . . . . . . . . . . . . . . 1 2 . . . . . . . . . . . 1 1 2 . 2 1 . . . . . . . . streamctrl_high 1 | . . . . . . . . . . . . . . . . . . . . . . . . . . . . . . . . . . 1 . . . . . . . . . . formatsys_low 4 | . . . . . . . . . 1 . . . 1 . 1 . . . . . . . 1 . . . . . . . . . . . . . . . . . . . . . formatsys_high 14 | . . . . . . . . . . . . . . . 1 2 . . 1 . . . . 2 . . . . . . 1 1 . 4 1 . . 1 . . . . . . Relay Couplers Released 129 | . . . . . . . . 13 . 9 . . . 10 4 17 . 4 . . . . . . . . 4 3 . 11 4 14 . 21 1 . . . 10 . . 1 3 . Machine Destruction 118 | . . . . . . . . 13 . 9 . . . 10 . 17 . 4 . . . . . . . . . 3 . 11 4 14 . 21 1 . . . 10 . . 1 . . Programmers 11 | . . . . . . . . . . . . . . . 4 . . . . . . . . . . . 4 . . . . . . . . . . . . . . . 3 . Attached 32 | . . . . . . . . . 2 . 1 1 1 2 1 3 1 . 2 . . . . . 1 . . . . 2 1 3 1 3 2 . . 1 3 1 . . . . Merged Code Value 130 | . . . . . . . . . . . . . . . . . . . . . . . . . . . . . . 16 17 49 . 37 5 . . 6 . . . . . . Fabnet Peak Effective % . | . . . . . . . . . . . . . . . . . . . . . . . . . . . . . . . . . . . . . . . . . . . . . Robots Rewired 53 | . . . . . . . . . . . . . . 3 . 6 . . . 28 . . . 2 . . . . . 10 . . . 3 . 1 . . . . . . . . Allies Hacked 3 | . . . . . . . . . . . . . . . 1 . . . . . . . 1 . . . . 1 . . . . . . . . . . . . . . . . Hacks Repelled . | . . . . . . . . . . . . . . . . . . . . . . . . . . . . . . . . . . . . . . . . . . . . . Allies | -11 -10 -10 -9 -9 -9 -8 -8 -8 -8 -8 -7 -7 -7 -7 -7 -7 -6 -6 -6 -6 -6 -6 -6 -6 -5 -5 -5 -5 -5 -5 -4 -4 -4 -4 -4 -4 -4 -3 -3 -2 -2 -2 -1 -1 -------- Run | Jun Mat Min Mat Min Exi Min Mat Gar Mat Gar Fac Was Fac Gar Fac Gar Fac Gar Fac Ext Cet Arc Hub Gar Fac Was Fac Gar Fac Gar Fac Gar Fac Gar Fac Upp Upp Res Gar Res Tes Sec Acc Com Total Allies 217 | . . . . . . . . . 1 . . . 1 3 3 10 . 2 5 38 5 . 3 4 . 19 . . 8 12 3 2 2 11 4 2 . 6 . . . . 60 13 Largest Group 25 | . . . . . . . . . 1 . . . 1 4 4 5 3 1 2 25 24 14 9 2 . 18 16 10 3 8 2 2 1 4 5 1 . 2 . . . . 5 4 Highest-Rated Group 1117 | . . . . . . . . . 10 . . . 26 74 74 140 60 29 58 893 1117 803 543 170 . 638 538 388 108 244 238 105 49 183 230 47 . 94 . . . . 71 58 Highest-Rated Ally 159 | . . . . . . . . . 10 . . . 26 26 26 32 20 29 47 159 146 146 96 85 . 50 46 46 54 119 119 58 49 58 56 47 . 47 . . . . 15 15 Total Orders 27 | . . . . . . . . . . . . . 2 10 6 3 . . . . . . 4 2 . . . . . . . . . . . . . . . . . . . . STAY 16 | . . . . . . . . . . . . . 1 5 3 2 . . . . . . 4 1 . . . . . . . . . . . . . . . . . . . . FOLLOW 11 | . . . . . . . . . . . . . 1 5 3 1 . . . . . . . 1 . . . . . . . . . . . . . . . . . . . . Ally Attacks 917 | . . . . . . . . 6 . . . . . . 23 26 11 11 27 152 110 50 102 42 . 34 67 37 32 50 26 12 9 23 49 2 . 12 . . . . 4 . Total Damage 23388 | . . . . . . . . 239 . . . . . . 237 680 205 153 764 3263 2376 1270 3060 2008 . 562 1190 1139 644 1218 1260 367 348 662 1408 76 . 232 . . . . 27 . Kills 158 | . . . . . . . . 2 . . . . . . 1 2 4 . 5 26 20 6 24 11 . 1 11 7 3 7 11 2 1 6 7 . . 1 . . . . . . Allies Corrupted 5 | . . . . . . . . . . . . . . . . . . . . . . . 2 . . . . . . . 1 . . 1 1 . . . . . . . . . Allies Melted . | . . . . . . . . . . . . . . . . . . . . . . . . . . . . . . . . . . . . . . . . . . . . . Turrets Deployed 3 | . . . . . . . . 1 . . . . . . . . 1 . . . . . . 1 . . . . . . . . . . . . . . . . . . . . Intel | -11 -10 -10 -9 -9 -9 -8 -8 -8 -8 -8 -7 -7 -7 -7 -7 -7 -6 -6 -6 -6 -6 -6 -6 -6 -5 -5 -5 -5 -5 -5 -4 -4 -4 -4 -4 -4 -4 -3 -3 -2 -2 -2 -1 -1 ------- Run | Jun Mat Min Mat Min Exi Min Mat Gar Mat Gar Fac Was Fac Gar Fac Gar Fac Gar Fac Ext Cet Arc Hub Gar Fac Was Fac Gar Fac Gar Fac Gar Fac Gar Fac Upp Upp Res Gar Res Tes Sec Acc Com Robot Analysis Total 4 | . 2 . 1 . . . . . . . . . . . . . . . . . . . . . . . . . 1 . . . . . . . . . . . . . . . Derelict Logs Recovered 4 | . . 2 . . . . . . . . . . . . . . . . . . . . . . . . . . . . . . . . . 2 . . . . . . . . Drone Launches . | . . . . . . . . . . . . . . . . . . . . . . . . . . . . . . . . . . . . . . . . . . . . . Drone Recoveries . | . . . . . . . . . . . . . . . . . . . . . . . . . . . . . . . . . . . . . . . . . . . . . Exploration | -11 -10 -10 -9 -9 -9 -8 -8 -8 -8 -8 -7 -7 -7 -7 -7 -7 -6 -6 -6 -6 -6 -6 -6 -6 -5 -5 -5 -5 -5 -5 -4 -4 -4 -4 -4 -4 -4 -3 -3 -2 -2 -2 -1 -1 ------------- Run | Jun Mat Min Mat Min Exi Min Mat Gar Mat Gar Fac Was Fac Gar Fac Gar Fac Gar Fac Ext Cet Arc Hub Gar Fac Was Fac Gar Fac Gar Fac Gar Fac Gar Fac Upp Upp Res Gar Res Tes Sec Acc Com Turns Passed 61673 | 80 1576 939 2302 159 444 1058 3196 1676 1480 1480 3006 1278 1722 1303 3301 1587 1097 733 2910 2821 453 833 1871 1419 1101 1188 927 1634 5604 1890 2237 918 799 1360 303 873 65 927 423 567 649 547 676 261 Spaces Moved 30406 | 43 764 530 896 100 222 410 1276 583 402 528 1204 381 765 615 1652 736 535 338 1062 975 241 168 921 446 385 442 319 633 2111 631 923 462 377 673 132 432 43 2042 614 765 975 1109 1053 492 Core 58 | 2 . . . . . . . . . . . . . . . . . . . . . . . . . . . 56 . . . . . . . . . . . . . . . . Treads 22813 | 41 764 530 896 100 222 410 1276 583 402 528 1204 381 765 615 1652 736 535 338 1062 975 241 168 921 227 . 417 319 548 2111 631 923 462 377 673 132 432 43 173 . . . . . . Legs 2598 | . . . . . . . . . . . . . . . . . . . . . . . . 219 385 25 . 29 . . . . . . . . . . . . . 397 1053 490 Wheels . | . . . . . . . . . . . . . . . . . . . . . . . . . . . . . . . . . . . . . . . . . . . . . Hover . | . . . . . . . . . . . . . . . . . . . . . . . . . . . . . . . . . . . . . . . . . . . . . Flight 4935 | . . . . . . . . . . . . . . . . . . . . . . . . . . . . . . . . . . . . . . 1869 614 765 975 712 . . Fastest Speed 5 | 50 160 160 160 160 160 240 158 238 163 166 165 160 160 160 160 160 160 160 165 175 160 160 160 160 260 160 240 50 225 225 145 145 150 150 150 150 150 5 5 13 6 7 30 30 Average Speed 154 | 154 160 160 186 160 198 240 197 239 223 245 213 231 166 160 160 160 160 164 225 218 161 160 160 249 260 225 240 211 225 225 148 146 150 150 150 150 150 32 18 19 21 21 46 30 Slowest Speed 450 | 160 160 160 320 160 240 240 245 241 246 246 245 245 240 160 160 160 160 245 330 260 175 160 160 330 260 260 240 450 225 225 225 150 150 150 150 150 150 300 23 32 91 30 90 30 Overloaded Moves 188 | . . . . . . . . . . . . . . . . . . . . . . . . . . . . . . . . . . . . . . 27 113 . 11 37 . . Propulsion Burnouts . | . . . . . . . . . . . . . . . . . . . . . . . . . . . . . . . . . . . . . . . . . . . . . Robots Hopped 67 | . . . . . . . . . . . . . . . . . . . . . . . . . . . . . . . . . . . . . . 24 13 16 6 8 . . Cave-ins Triggered . | . . . . . . . . . . . . . . . . . . . . . . . . . . . . . . . . . . . . . . . . . . . . . Spacefolds 1 | . . . . . . . . . . . . . . . . . . . . . . . . . . . . . . . . . . . . . . . . . . . . 1 Exploration Rate (%) 56 | 3 94 92 86 27 60 92 94 78 24 71 41 85 18 71 59 84 16 59 31 95 69 96 86 53 13 90 10 54 45 89 27 79 14 91 6 61 7 35 85 27 91 78 37 16 Regions Visited 44 Branch Regions 13 Pre-discovered Areas 3 | . 2 . . . 1 . . . . . . . . . . . . . . . . . . . . . . . . . . . . . . . . . . . . . . . Known Exits Taken 15 | . . . . . . . 1 . 1 . . . 1 . 1 . 1 . 1 . . . 1 . . . 1 . 1 . 1 . 1 . . . . 1 . 1 1 1 . . Unknown Exits Taken 14 | 1 1 1 1 1 1 1 . . . . . . . . . . . . . 1 1 1 . . . . . . . . . . . . 1 1 1 . . . . . 1 . Scrap Searched 7 | . . 2 . 1 . . . . . . . . . . . . . . . . . . . . . . . . . . . . . . . 4 . . . . . . . . Spaces Dug 418 | . . . . . . 9 4 . . 15 . . . 10 2 6 2 . 4 . . . 163 2 . 4 . . 10 . 2 . 3 2 1 18 . 28 . 26 10 16 61 20 Terrain Destroyed 1371 | . 12 . . . . 56 58 33 2 46 . . 12 21 15 40 45 4 24 13 . . 254 23 11 4 . 30 103 23 16 49 15 43 10 33 . 34 . 26 33 31 213 39 Melee 24 | . . . . . . . 4 . . . . . . 1 . . . . . . . . 1 2 . . . . . . . . . . . . . 6 . . 1 9 . . Projectile 622 | . . . . . . . . 15 2 21 . . 12 4 15 4 7 4 17 13 . . 12 . 11 4 . 6 45 18 16 9 15 11 9 33 . 28 . 26 10 22 194 39 AOE 723 | . 12 . . . . 56 54 18 . 25 . . . 16 . 36 38 . 6 . . . 241 20 . . . 24 58 5 . 40 . 32 1 . . . . . 22 . 19 . Terrain Rammed . | . . . . . . . . . . . . . . . . . . . . . . . . . . . . . . . . . . . . . . . . . . . . . Walls Destroyed . | . . . . . . . . . . . . . . . . . . . . . . . . . . . . . . . . . . . . . . . . . . . . . Machines Disabled . | . . . . . . . . . . . . . . . . . . . . . . . . . . . . . . . . . . . . . . . . . . . . . Actions | -11 -10 -10 -9 -9 -9 -8 -8 -8 -8 -8 -7 -7 -7 -7 -7 -7 -6 -6 -6 -6 -6 -6 -6 -6 -5 -5 -5 -5 -5 -5 -4 -4 -4 -4 -4 -4 -4 -3 -3 -2 -2 -2 -1 -1 --------- Run | Jun Mat Min Mat Min Exi Min Mat Gar Mat Gar Fac Was Fac Gar Fac Gar Fac Gar Fac Ext Cet Arc Hub Gar Fac Was Fac Gar Fac Gar Fac Gar Fac Gar Fac Upp Upp Res Gar Res Tes Sec Acc Com Total 41193 | 53 963 567 1309 99 226 442 1777 712 868 636 1528 620 1084 825 2164 1030 755 458 1439 1573 306 733 1217 629 442 551 478 844 2755 920 1699 597 525 913 185 591 43 2245 909 1126 1344 1291 1162 560 Wait 6616 | . 79 2 199 . . . 335 9 332 10 181 36 205 84 402 105 193 50 246 368 47 561 196 45 22 9 149 69 461 129 676 32 80 96 5 105 . 75 285 315 301 43 43 36 Move 30241 | 42 763 529 895 99 221 409 1276 582 402 527 1204 380 765 614 1652 735 535 337 1061 974 240 167 920 445 385 441 319 632 2111 630 923 461 376 672 131 431 42 1994 588 733 962 1093 1052 491 Hop 62 | . . . . . . . . . . . . . . . . . . . . . . . . . . . . . . . . . . . . . . 23 11 15 6 7 . . Pick Up 271 | 3 11 3 13 . 4 1 14 9 7 4 11 6 4 9 6 12 1 8 4 8 3 2 3 7 2 7 6 21 14 6 9 5 1 12 1 3 . 11 2 3 1 12 1 1 Fast Attach 250 | 6 3 . 19 . . . 8 . 4 . 10 2 7 5 4 9 4 3 10 1 3 . . 10 . 7 1 21 9 3 10 7 3 13 4 2 . 12 3 11 14 21 1 . Attach 160 | 1 . 2 3 . . 1 3 5 3 1 5 . 3 4 1 10 1 2 1 4 . . 4 9 5 . . 7 3 4 6 4 2 11 1 6 . 20 5 8 2 9 3 1 Detach 109 | . 1 . 2 . . . 2 . 2 1 1 . 2 4 1 8 3 . 1 . . . . 4 . 8 . 7 1 . 5 2 1 9 2 2 . 19 7 6 4 2 2 . Swap 346 | . 8 . 18 . 1 2 14 12 13 13 9 7 8 14 11 15 1 7 20 9 5 . 20 11 4 9 . 6 10 7 11 13 10 17 10 6 1 11 . 1 4 5 1 2 Drop 312 | . 6 . 33 . . . 18 7 8 3 10 13 5 9 8 12 3 12 12 2 7 2 3 2 . 15 2 10 21 1 9 12 1 4 1 . . 27 2 1 11 19 . 1 Fire 2173 | . 85 27 123 . . 24 83 79 88 63 89 124 83 49 74 63 11 39 81 47 1 . 58 65 23 53 1 56 114 93 48 61 49 61 29 33 . 36 . 28 19 44 41 28 Melee 196 | . . . . . . . 13 . 7 2 1 52 . 22 . 17 . . . . . . 2 9 . 2 . . . . . . . . . . . 6 2 5 20 36 . . Ram 1 | . . . . . . . . . . . . . . . . . . . . . . . . . . . . . . . . . . . 1 . . . . . . . . . Kick 9 | . . . . . . . . . . . . . . . . . . . . . . . . . 1 . . . . . . . . . . . . . . . . . 8 . Crush 88 | 1 7 4 4 . . 5 4 1 2 . 5 . 2 . 5 . 3 . 3 1 . 1 11 1 . . . 8 11 . 2 . 2 3 . . . 2 . . . . . . Escape Stasis 65 | . . . . . . . . 8 . 12 2 . . . . . . . . 2 . . . 10 . . . 6 . 4 . . . . . . . 9 2 . . . 10 . Rewire 294 | . . . . . . . 7 . . . . . . 11 . 44 . . . 157 . . . 11 . . . 1 . 43 . . . 15 . 3 . . 2 . . . . . Trap . | . . . . . . . . . . . . . . . . . . . . . . . . . . . . . . . . . . . . . . . . . . . . . Miscellaneous . | . . . . . . . . . . . . . . . . . . . . . . . . . . . . . . . . . . . . . . . . . . . . . Route ------- -11/Junkyard -10/Materials (discovered 4 exits: *Mat x3 / [*Min]) -10/Mines (discovered 2 exits: *Mat x2) -9/Materials (discovered 4 exits: *Mat x3 / [*Min]) -9/Mines -9/Exiles -8/Mines (discovered 2 exits: *Mat x2) -8/Materials (discovered 3 exits: *Fac x2 / Gar) -8/Garrison (discovered 3 exits: *Mat x3) -8/Materials -8/Garrison (discovered 3 exits: *Fac x3) -7/Factory (discovered 2 exits: Sto / [*Low]) -7/Waste -7/Factory (discovered 5 exits: *Fac / *Sto x2 / [*Low] / Gar) -7/Garrison (discovered 3 exits: *Fac x3) -7/Factory (discovered 7 exits: *Fac x3 / *Sto / [*Low x2] / Gar) -7/Garrison (discovered 2 exits: *Fac x2) -6/Factory (discovered 2 exits: *Fac / Gar) -6/Garrison (discovered 3 exits: *Fac x3) -6/Factory (discovered 5 exits: *Fac / *Low x2 / *Ext x2) -6/Extension (discovered 2 exits: *Fac / *Cet) -6/Cetus (discovered 2 exits: *Fac / [*Arc]) -6/Archives (discovered 3 exits: *Fac / *Hub x2) -6/Hub_04(d) (discovered 5 exits: *Fac x4 / Gar) -6/Garrison -5/Factory (discovered 2 exits: *Fac / *Upp) -5/Waste -5/Factory (discovered 2 exits: *Fac / Gar) -5/Garrison (discovered 3 exits: *Fac x3) -5/Factory (discovered 7 exits: *Fac x4 / *Upp x2 / Gar) -5/Garrison (discovered 3 exits: *Fac x3) -4/Factory (discovered 2 exits: *Upp / Gar) -4/Garrison (discovered 3 exits: *Fac x3) -4/Factory -4/Garrison (discovered 4 exits: *Res x3 / *Fac) -4/Factory -4/Upper Caves -4/Upper Caves -3/Research (discovered 4 exits: *Res / Arm / Qua / Gar) -3/Garrison (discovered 3 exits: *Res x3) -2/Research (discovered 4 exits: *Acc x2 / *Tes x2) -2/Testing (discovered 2 exits: *Acc / *Sec) -2/Section 7 -1/Access -1/Command (discovered 1 exit: [Sur]) History --------- Turn | Location | Event 6 | -11/Junkyard | Discovered new exit (range 15) 81 | -11/Junkyard | Entered Materials 288 | -10/Materials | Discovered new exit (range 16) 305 | -10/Materials | Build established: Mutant 359 | -10/Materials | Discovered new exit (range 16) 498 | -10/Materials | Discovered new exit (range 15) 728 | -10/Materials | Repaired Lgt. Treads 755 | -10/Materials | Repaired Lgt. Treads 857 | -10/Materials | Discovered new exit (range 11) 1145 | -10/Materials | Central database locked down 1657 | -10/Materials | Entered Mines 1896 | -10/Mines | Discovered new exit (range 10) 2006 | -10/Mines | Discovered new exit (range 9) 2113 | -10/Mines | Learned Materials terminal intel 2313 | -10/Mines | Core integrity fell below 50% 2596 | -10/Mines | Entered Materials 2596 | -9/Materials | Evolved 2 slots: Utility x2 2597 | -9/Materials | Loaded intel: 12 terminal locations 2993 | -9/Materials | Build established: Scavenger-Mutant 3176 | -9/Materials | Discovered new exit (range 4) 3599 | -9/Materials | Discovered new exit (range 10) 3808 | -9/Materials | Core integrity fell below 50% 4063 | -9/Materials | Discovered new exit (range 15) 4179 | -9/Materials | Repaired Hrd. Light Armor Plating 4213 | -9/Materials | Repaired Imp. Treads 4240 | -9/Materials | Repaired Lgt. Armor Plating 4480 | -9/Materials | Build established: Mutant 4823 | -9/Materials | Discovered new exit (range 8) 4898 | -9/Materials | Entered Mines 4951 | -9/Mines | Deemed a non-threat by the Exiles lab entrance 4951 | -9/Mines | Discovered new exit (range 5) 5057 | -9/Mines | Entered Exiles 5097 | -9/Exiles | Met 8R-AWN 5125 | -9/Exiles | Met EX-HEX 5169 | -9/Exiles | Met EX-BIN 5189 | -9/Exiles | Aligned with FarCom system 5190 | -9/Exiles | Given EX-Vault access code 5232 | -9/Exiles | Opened EX-Vault 5250 | -9/Exiles | Found Deploy-a-Sentry 5254 | -9/Exiles | Found Deploy-a-Sentry 5257 | -9/Exiles | Found Deploy-a-Sentry 5268 | -9/Exiles | Found Gui. Plasma Cannon 5317 | -9/Exiles | Warned to stay clear of 0b10 Research branches 5330 | -9/Exiles | Exiles lab attacked by MAIN.C 5393 | -9/Exiles | Learned location of Zion (-6) 5480 | -9/Exiles | Discovered new exit (range 11) 5501 | -9/Exiles | Stole two prototypes: Gui. Plasma Cannon, Deploy-a-Sentry 5501 | -9/Exiles | Entered Mines 5815 | -8/Mines | Discovered new exit (range 5) 6401 | -8/Mines | Discovered new exit (range 8) 6559 | -8/Mines | Entered Materials 6559 | -8/Materials | Evolved 2 slots: Propulsion x1, Utility x1 7368 | -8/Materials | Repaired Lgt. Armor Plating 7395 | -8/Materials | Repaired Lgt. Armor Plating 7555 | -8/Materials | Discovered new exit (range 15) 8150 | -8/Materials | Repaired Hrd. Light Armor Plating 8203 | -8/Materials | Repaired Imp. EM Shotgun 9724 | -8/Materials | Discovered new exit (range 4) 9755 | -8/Materials | Identified exit to Garrison 9755 | -8/Materials | Entered Garrison 9814 | -8/Garrison | Triggered checkpoint 9938 | -8/Garrison | Installed Relay Interface Framework 9966 | -8/Garrison | Triggered checkpoint 9968 | -8/Garrison | Triggered checkpoint 9999 | -8/Garrison | Destroyed 7 combat bots 10136 | -8/Garrison | Triggered checkpoint 10142 | -8/Garrison | Discovered new exit (range 14) 10307 | -8/Garrison | Destroyed 9 combat bots 10400 | -8/Garrison | Triggered checkpoint 10467 | -8/Garrison | DAS Turret deployed 10716 | -8/Garrison | Garrison Relay disabled 10718 | -8/Garrison | Garrison Relay disabled 10824 | -8/Garrison | Discovered new exit (range 10) 10866 | -8/Garrison | Triggered checkpoint 11374 | -8/Garrison | Triggered checkpoint 11410 | -8/Garrison | Discovered new exit (range 10) 11431 | -8/Garrison | Entered Materials 11791 | -8/Materials | Garrison activated, responded to threat 12093 | -8/Materials | Repaired Hrd. Heavy Armor Plating 12196 | -8/Materials | Repaired Broken Hvy. Phase Cannon 12231 | -8/Materials | First assault squad dispatched 12398 | -8/Materials | Core integrity fell below 50% 12700 | -8/Materials | Repaired Arm. Treads 12758 | -8/Materials | Repaired Arm. Medium Treads 12911 | -8/Materials | Identified exit to Garrison 12911 | -8/Materials | Entered Garrison 13148 | -8/Garrison | Destroyed 8 combat bots 13184 | -8/Garrison | Triggered checkpoint 13291 | -8/Garrison | Discovered new exit (range 12) 13412 | -8/Garrison | Garrison Relay disabled 13464 | -8/Garrison | Expanded RIF knowledge: Patrol Navigation 13712 | -8/Garrison | Garrison Relay disabled 13787 | -8/Garrison | Discovered new exit (range 10) 14030 | -8/Garrison | Build established: Bothacker-Mutant 14044 | -8/Garrison | Triggered checkpoint 14150 | -8/Garrison | Discovered new exit (range 10) 14391 | -8/Garrison | Entered Factory 14391 | -7/Factory | Evolved 2 slots: Propulsion x1, Utility x1 14392 | -7/Factory | Identified exit to Storage 14393 | -7/Factory | FarCom data flow suspended 14472 | -7/Factory | Repaired Hrd. Heavy Armor Plating 14511 | -7/Factory | Repaired Hrd. Medium Armor Plating 14896 | -7/Factory | Build established: Mutant 15038 | -7/Factory | Discovered new exit (range 5) 15115 | -7/Factory | Cargo convoy interrupted 15427 | -7/Factory | Fabricated Huge Storage Unit? 15515 | -7/Factory | Build established: Scavenger-Mutant 15865 | -7/Factory | Repaired Hrd. Heavy Armor Plating 15966 | -7/Factory | Repaired Imp. Treads 16539 | -7/Factory | Central database locked down 16872 | -7/Factory | Build established: Mutant 17397 | -7/Factory | Sucked down chute 17397 | -7/Factory | Entered Waste 17484 | -7/Waste | Spotted C-40 Crusher 17554 | -7/Waste | Spotted C-40 Crusher 17577 | -7/Waste | Spotted C-40 Crusher 17605 | -7/Waste | Spotted C-40 Crusher 17621 | -7/Waste | Spotted C-40 Crusher 17645 | -7/Waste | Spotted C-40 Crusher 17720 | -7/Waste | Discovered new exit (range 13) 17892 | -7/Waste | Destroyed C-40 Crusher 18407 | -7/Waste | Destroyed C-40 Crusher 18514 | -7/Waste | Destroyed C-40 Crusher 18594 | -7/Waste | Destroyed C-40 Crusher 18675 | -7/Waste | Entered Factory 18696 | -7/Factory | Discovered new exit (range 11) 18835 | -7/Factory | Build established: Scavenger-Mutant 18994 | -7/Factory | Garrison activated, responded to threat 19195 | -7/Factory | Discovered exit to Storage (range 7) 19259 | -7/Factory | System corruption reached 10% 19481 | -7/Factory | Discovered new exit (range 5) 19693 | -7/Factory | Discovered exit to Storage (range 5) 20248 | -7/Factory | Repaired Hvy. Treads 20397 | -7/Factory | Identified exit to Garrison 20397 | -7/Factory | Entered Garrison 20397 | -7/Garrison | Accompanied by 1 ally 20456 | -7/Garrison | Triggered checkpoint 20568 | -7/Garrison | Garrison Relay disabled 20648 | -7/Garrison | Triggered checkpoint 20687 | -7/Garrison | Triggered checkpoint 20750 | -7/Garrison | Destroyed 11 combat bots 20847 | -7/Garrison | Discovered new exit (range 11) 20893 | -7/Garrison | Triggered checkpoint 20934 | -7/Garrison | Triggered checkpoint 20961 | -7/Garrison | Garrison Relay disabled 20980 | -7/Garrison | Discovered new exit (range 84) 20980 | -7/Garrison | Discovered new exit (range 65) 20980 | -7/Garrison | Discovered new exit (range 12) 21530 | -7/Garrison | Expanded RIF knowledge: Watcher Feeds 21573 | -7/Garrison | Expanded RIF knowledge: Threat Obfuscation 21654 | -7/Garrison | Garrison Relay disabled 21700 | -7/Garrison | Entered Factory 21700 | -7/Factory | Accompanied by 4 allies 21702 | -7/Factory | Discovered new exit (range 8) 21894 | -7/Factory | Repaired System Restoration Module 21973 | -7/Factory | Build established: Bothacker-Mutant 22859 | -7/Factory | Discovered new exit (range 5) 22943 | -7/Factory | Discovered new exit (range 5) 23321 | -7/Factory | Found Prototype Launcher 23321 | -7/Factory | Identified Rocket Array 23436 | -7/Factory | Discovered new exit (range 16) 24073 | -7/Factory | Discovered new exit (range 39) 24466 | -7/Factory | Discovered exit to Storage (range 8) 24908 | -7/Factory | Garrison activated, responded to threat 24922 | -7/Factory | Fabricated Hrd. Heavy Armor Plating (x1) 25001 | -7/Factory | Identified exit to Garrison 25001 | -7/Factory | Entered Garrison 25001 | -7/Garrison | Accompanied by 2 allies 25072 | -7/Garrison | Triggered checkpoint 25262 | -7/Garrison | Garrison Relay disabled 25343 | -7/Garrison | Destroyed 8 combat bots 25412 | -7/Garrison | Triggered checkpoint 25427 | -7/Garrison | Lost 4 parts (1p3u) 25720 | -7/Garrison | Triggered checkpoint 25793 | -7/Garrison | Discovered new exit (range 10) 25834 | -7/Garrison | Triggered checkpoint 25839 | -7/Garrison | Core integrity fell below 50% 25958 | -7/Garrison | Triggered checkpoint 26036 | -7/Garrison | Garrison Relay disabled 26125 | -7/Garrison | Expanded RIF knowledge: Hotswap 26263 | -7/Garrison | Rescued a captive Derelict 26265 | -7/Garrison | Rescued a captive Derelict 26283 | -7/Garrison | Garrison Relay disabled 26340 | -7/Garrison | Build established: Botlord-Mutant 26382 | -7/Garrison | Discovered new exit (range 10) 26394 | -7/Garrison | Triggered checkpoint 26430 | -7/Garrison | Triggered checkpoint 26430 | -7/Garrison | Garrison Relay disabled 26480 | -7/Garrison | Expanded RIF knowledge: Autooverride 26588 | -7/Garrison | Entered Factory 26588 | -6/Factory | Accompanied by 3 allies 26588 | -6/Factory | Evolved 2 slots: Utility x2 26665 | -6/Factory | DAS Turret deployed 27086 | -6/Factory | Repaired Lgt. Antimatter Reactor 27302 | -6/Factory | Discovered new exit (range 30) 27596 | -6/Factory | Garrison activated, responded to threat 27685 | -6/Factory | Identified exit to Garrison 27685 | -6/Factory | Entered Garrison 27784 | -6/Garrison | Triggered checkpoint 27842 | -6/Garrison | Discovered new exit (range 35) 27842 | -6/Garrison | Discovered new exit (range 62) 27842 | -6/Garrison | Discovered new exit (range 76) 27986 | -6/Garrison | Triggered checkpoint 28207 | -6/Garrison | Found Enh. Force Lance 28213 | -6/Garrison | Found Enh. Force Lance 28328 | -6/Garrison | Garrison Relay disabled 28395 | -6/Garrison | Expanded RIF knowledge: Zone Cloak 28418 | -6/Garrison | Entered Factory 28768 | -6/Factory | First assault squad dispatched 29045 | -6/Factory | Identified exit to Lower Caves 29045 | -6/Factory | Identified exit to Extension 29920 | -6/Factory | Repaired Broken Imp. Heavy Treads 30454 | -6/Factory | Spotted B-75 Beast 30553 | -6/Factory | Discovered new exit (range 10) 30891 | -6/Factory | Fabricated Adv. Hacking Suite (x1) 31328 | -6/Factory | Entered Extension 32513 | -6/Extension | Rescued a captive Derelict 32514 | -6/Extension | Rescued a captive Derelict 32539 | -6/Extension | Rescued a captive Derelict 32551 | -6/Extension | Rescued a captive Derelict 32808 | -6/Extension | Rescued A7 33200 | -6/Extension | Build established: Commander-Mutant 33423 | -6/Extension | Spotted B-75 Beast 33429 | -6/Extension | Spotted B-75 Beast 33429 | -6/Extension | Allies destroyed B-75 Beast 33440 | -6/Extension | Allies destroyed B-75 Beast 33543 | -6/Extension | Repaired Lyr. Medium Armor Plating 33571 | -6/Extension | Rescued a captive Derelict 33571 | -6/Extension | Rescued a captive Derelict 33716 | -6/Extension | Build established: Botlord-Mutant 34042 | -6/Extension | Rescued a captive Derelict 34043 | -6/Extension | Rescued a captive Derelict 34091 | -6/Extension | Discovered new exit (range 10) 34093 | -6/Extension | Discovered new exit (range 6) 34119 | -6/Extension | Build established: Commander-Mutant 34149 | -6/Extension | Entered Cetus 34149 | -6/Cetus | Accompanied by 24 allies (A7) 34154 | -6/Cetus | Acquired a Cetus Manufacturing Module code from A7 34166 | -6/Cetus | Allies destroyed Cetus Guard 34167 | -6/Cetus | Spotted Cetus Guard 34169 | -6/Cetus | Spotted Cetus Guard 34172 | -6/Cetus | Allies destroyed Cetus Guard 34172 | -6/Cetus | Allies destroyed Cetus Guard 34304 | -6/Cetus | Started Cetus Manufacturing Module 34316 | -6/Cetus | Escorted A7 to Cetus Mainframe 34329 | -6/Cetus | Manufactured an Enhanced Grunt 34354 | -6/Cetus | Manufactured an Enhanced Grunt 34379 | -6/Cetus | Manufactured an Enhanced Grunt 34397 | -6/Cetus | Discovered new exit (range 15) 34404 | -6/Cetus | Manufactured an Enhanced Grunt 34420 | -6/Cetus | Discovered new exit (range 27) 34427 | -6/Cetus | Spotted Cetus Guard 34427 | -6/Cetus | Spotted Cetus Guard 34429 | -6/Cetus | Manufactured an Enhanced Grunt 34433 | -6/Cetus | Spotted Cetus Guard 34433 | -6/Cetus | Spotted Cetus Guard 34439 | -6/Cetus | Allies destroyed Cetus Guard 34442 | -6/Cetus | Allies destroyed Cetus Guard 34443 | -6/Cetus | Allies destroyed Cetus Guard 34444 | -6/Cetus | Allies destroyed Cetus Guard 34460 | -6/Cetus | Met Revision 17 34602 | -6/Cetus | Entered Archives 34602 | -6/Archives | Accompanied by 14 allies (A7) 34607 | -6/Archives | Received a hacking code to weaken MAIN.C 34656 | -6/Archives | Discovered new exit (range 14) 34674 | -6/Archives | Discovered new exit (range 16) 34703 | -6/Archives | Discovered new exit (range 16) 34737 | -6/Archives | Build established: Botlord-Mutant 35435 | -6/Archives | Entered Hub_04(d) 35435 | -6/Hub_04(d) | Accompanied by 8 allies 35565 | -6/Hub_04(d) | Discovered new exit (range 17) 35577 | -6/Hub_04(d) | Identified exit to Factory 35629 | -6/Hub_04(d) | Discovered exit to Factory (range 13) 35952 | -6/Hub_04(d) | Garrison activated, responded to threat 35996 | -6/Hub_04(d) | Discovered exit to Factory (range 7) 36344 | -6/Hub_04(d) | Discovered exit to Factory (range 17) 37103 | -6/Hub_04(d) | Network Hub disabled 37103 | -6/Hub_04(d) | Spotted Lightning 37103 | -6/Hub_04(d) | Spotted Lightning 37103 | -6/Hub_04(d) | Spotted Lightning 37107 | -6/Hub_04(d) | Spotted Lightning 37107 | -6/Hub_04(d) | Spotted Lightning 37111 | -6/Hub_04(d) | System corruption reached 10% 37111 | -6/Hub_04(d) | Spotted Lightning 37111 | -6/Hub_04(d) | Spotted Lightning 37113 | -6/Hub_04(d) | Spotted Lightning 37123 | -6/Hub_04(d) | Garrison activated, responded to threat 37126 | -6/Hub_04(d) | Spotted Lightning 37135 | -6/Hub_04(d) | Destroyed Lightning 37135 | -6/Hub_04(d) | Destroyed Lightning 37135 | -6/Hub_04(d) | Destroyed Lightning 37135 | -6/Hub_04(d) | Destroyed Lightning 37139 | -6/Hub_04(d) | Destroyed Lightning 37143 | -6/Hub_04(d) | Destroyed Lightning 37147 | -6/Hub_04(d) | Destroyed Lightning 37151 | -6/Hub_04(d) | System corruption reached 30% 37160 | -6/Hub_04(d) | Destroyed Lightning 37176 | -6/Hub_04(d) | Destroyed Lightning 37196 | -6/Hub_04(d) | Lost 3 parts (3u) 37197 | -6/Hub_04(d) | Destroyed 16 combat bots 37270 | -6/Hub_04(d) | Identified exit to Garrison 37306 | -6/Hub_04(d) | Entered Garrison 37316 | -6/Garrison | Spotted B-90 Cyclops 37327 | -6/Garrison | Core integrity fell below 50% 37359 | -6/Garrison | DAS Turret deployed 37376 | -6/Garrison | Allies destroyed B-75 Beast 37453 | -6/Garrison | Allies destroyed B-90 Cyclops 37483 | -6/Garrison | Lost 3 parts (2u1w) 37539 | -6/Garrison | Rewired B-75 Beast 37574 | -6/Garrison | Rewired B-75 Beast 37770 | -6/Garrison | Triggered checkpoint 37823 | -6/Garrison | Expanded RIF knowledge: Structural Interface 37927 | -6/Garrison | Triggered checkpoint 38069 | -6/Garrison | Lost 3 parts (1n2u) 38316 | -6/Garrison | Spotted B-75 Beast 38380 | -6/Garrison | Build established: Scavenger-Mutant 38708 | -6/Garrison | Discovered exit to Factory (range 3) 38725 | -6/Garrison | Entered Factory 38725 | -5/Factory | Evolved 2 slots: Power x1, Utility x1 38803 | -5/Factory | Discovered new exit (range 8) 38890 | -5/Factory | Identified exit to Factory 39631 | -5/Factory | Discovered new exit (range 21) 39661 | -5/Factory | Identified exit to Upper Caves 39826 | -5/Factory | Sucked down chute 39826 | -5/Factory | Entered Waste 39827 | -5/Waste | Met a frightened Derelict 39847 | -5/Waste | Spotted C-40 Crusher 39858 | -5/Waste | Spotted C-40 Crusher 39891 | -5/Waste | Spotted C-40 Crusher 39905 | -5/Waste | Allies destroyed C-40 Crusher 39947 | -5/Waste | Spotted C-40 Crusher 39948 | -5/Waste | Spotted C-40 Crusher 39956 | -5/Waste | Spotted C-40 Crusher 40195 | -5/Waste | Destroyed C-40 Crusher 40213 | -5/Waste | Destroyed C-40 Crusher 40219 | -5/Waste | Destroyed C-40 Crusher 40308 | -5/Waste | Destroyed C-40 Crusher 40389 | -5/Waste | Destroyed C-40 Crusher 40438 | -5/Waste | Found Damper Plating 40563 | -5/Waste | Found Damper Plating 40584 | -5/Waste | Found Damper Plating 40621 | -5/Waste | Discovered new exit (range 15) 40703 | -5/Waste | Found Prototype Device 40703 | -5/Waste | Identified Exp. Terrain Scanner 40858 | -5/Waste | Warlord forces began an assault 41012 | -5/Waste | Identified exit to Factory 41014 | -5/Waste | Entered Factory 41014 | -5/Factory | Accompanied by 16 allies 41178 | -5/Factory | Discovered exit to Factory (range 13) 41600 | -5/Factory | Repaired Nova Cannon 41662 | -5/Factory | Repaired Exp. Terrain Scanner 41685 | -5/Factory | Repaired Med. Reflective Plating 41711 | -5/Factory | Repaired Magnetic Acceleration Cannon 41853 | -5/Factory | Garrison activated, responded to threat 41934 | -5/Factory | Identified exit to Garrison 41941 | -5/Factory | Entered Garrison 41941 | -5/Garrison | Accompanied by 10 allies 42001 | -5/Garrison | Discovered new exit (range 50) 42001 | -5/Garrison | Discovered new exit (range 70) 42001 | -5/Garrison | Discovered new exit (range 50) 42001 | -5/Garrison | Learned Factory security intel 42054 | -5/Garrison | Triggered checkpoint 42150 | -5/Garrison | Garrison Relay disabled 42285 | -5/Garrison | P-70 Sage assimilated allied 0Q-1AF(g) 42331 | -5/Garrison | Destroyed 8 combat bots 42334 | -5/Garrison | Triggered checkpoint 42397 | -5/Garrison | Destroyed 8 combat bots 42489 | -5/Garrison | Build established: Botlord-Mutant 42528 | -5/Garrison | Core integrity fell below 50% 42528 | -5/Garrison | Released all parts (3) 42559 | -5/Garrison | Lost 12 parts (3p3n5u1w) 42643 | -5/Garrison | Lost 4 parts (4n) 42953 | -5/Garrison | Build established: Scavenger-Mutant 43219 | -5/Garrison | Triggered checkpoint 43303 | -5/Garrison | Spotted B-90 Cyclops 43307 | -5/Garrison | Build established: Botlord-Mutant 43535 | -5/Garrison | Expanded RIF knowledge: Program Shield 43575 | -5/Garrison | Entered Factory 44443 | -5/Factory | Fabricated Adv. Hacking Suite? 44468 | -5/Factory | Fabricated Adv. Hacking Suite? 44507 | -5/Factory | Discovered exit to Factory (range 9) 45277 | -5/Factory | Fabricated Hrd. Heavy Armor Plating (x1) 45915 | -5/Factory | Garrison activated, responded to threat 47555 | -5/Factory | Discovered exit to Factory (range 3) 48576 | -5/Factory | Discovered exit to Factory (range 13) 48613 | -5/Factory | Discovered exit to Upper Caves (range 8) 48642 | -5/Factory | Discovered exit to Upper Caves (range 11) 49000 | -5/Factory | Discovered exit to Factory (range 5) 49153 | -5/Factory | Repaired Adv. Cooling System 49179 | -5/Factory | Identified exit to Garrison 49179 | -5/Factory | Entered Garrison 49206 | -5/Garrison | Triggered checkpoint 49373 | -5/Garrison | Destroyed 11 combat bots 49636 | -5/Garrison | Destroyed 11 combat bots 49950 | -5/Garrison | Triggered checkpoint 50022 | -5/Garrison | Found embedded Infiltrators 50066 | -5/Garrison | Triggered checkpoint 50097 | -5/Garrison | Garrison Relay disabled 50151 | -5/Garrison | Discovered exit to Factory (range 15) 50209 | -5/Garrison | Found Relay Coupler [Proto] 50366 | -5/Garrison | Triggered checkpoint 50416 | -5/Garrison | Core integrity fell below 20% 50522 | -5/Garrison | Triggered checkpoint 50615 | -5/Garrison | Expanded RIF knowledge: Code Merge 50631 | -5/Garrison | Garrison Relay disabled 50688 | -5/Garrison | Discovered exit to Factory (range 54) 50688 | -5/Garrison | Discovered exit to Factory (range 46) 50688 | -5/Garrison | Discovered exit to Factory (range 12) 50688 | -5/Garrison | Learned Factory security intel 50868 | -5/Garrison | Triggered checkpoint 50948 | -5/Garrison | Garrison Relay disabled 50984 | -5/Garrison | Rewired Executioner 50992 | -5/Garrison | Rewired Executioner 51069 | -5/Garrison | Entered Factory 51069 | -4/Factory | Accompanied by 2 allies 51069 | -4/Factory | Evolved 2 slots: Propulsion x2 51119 | -4/Factory | Repaired Lyr. Heavy Armor Plating 51158 | -4/Factory | Repaired Biometal Heavy Treads 51506 | -4/Factory | Repaired Biometal Heavy Treads 51620 | -4/Factory | Repaired Quantum Reactor 51677 | -4/Factory | Repaired Adv. Cooling System 51741 | -4/Factory | Repaired Micro-nuke Launcher 51786 | -4/Factory | Repaired Imp. Medium Armor Plating 51809 | -4/Factory | Found Corrupted Prototype Device 51809 | -4/Factory | Identified Adv. Kinecellerator 51946 | -4/Factory | Fabricated Huge Storage Unit (x1) 52063 | -4/Factory | Discovered new exit (range 8) 52528 | -4/Factory | Fabricated Biometal Heavy Treads (x2) 52690 | -4/Factory | Repaired Adv. Cooling System 52932 | -4/Factory | Repaired Lyr. Heavy Armor Plating 53053 | -4/Factory | Fabricated Force Field (x2) 53223 | -4/Factory | System corruption reached 10% 53234 | -4/Factory | Garrison activated, responded to threat 53306 | -4/Factory | Identified exit to Garrison 53306 | -4/Factory | Entered Garrison 53420 | -4/Garrison | Garrison Relay disabled 53453 | -4/Garrison | Spotted B-86 Titan 53538 | -4/Garrison | Triggered checkpoint 53539 | -4/Garrison | Triggered checkpoint 53550 | -4/Garrison | Triggered checkpoint 53554 | -4/Garrison | Destroyed B-86 Titan 53628 | -4/Garrison | Destroyed 13 combat bots 53694 | -4/Garrison | Expanded RIF knowledge: Zone Cloak 53741 | -4/Garrison | Discovered new exit (range 12) 53743 | -4/Garrison | Discovered new exit (range 77) 53743 | -4/Garrison | Discovered new exit (range 101) 53743 | -4/Garrison | Discovered new exit (range 12) 53876 | -4/Garrison | Triggered checkpoint 53994 | -4/Garrison | Garrison Relay disabled 54157 | -4/Garrison | Garrison Relay disabled 54224 | -4/Garrison | Entered Factory 54805 | -4/Factory | Garrison activated, responded to threat 55014 | -4/Factory | Identified exit to Garrison 55023 | -4/Factory | Entered Garrison 55054 | -4/Garrison | Expanded RIF knowledge: Signal Jamming 55080 | -4/Garrison | Triggered checkpoint 55127 | -4/Garrison | Garrison Relay disabled 55156 | -4/Garrison | Garrison Relay disabled 55364 | -4/Garrison | Spotted B-86 Titan 55368 | -4/Garrison | Triggered checkpoint 55384 | -4/Garrison | Triggered checkpoint 55403 | -4/Garrison | System corruption reached 30% 55427 | -4/Garrison | Destroyed B-86 Titan 55440 | -4/Garrison | Triggered checkpoint 55472 | -4/Garrison | Lost 6 parts (5u1w) 55473 | -4/Garrison | Destroyed 9 combat bots 55532 | -4/Garrison | Triggered checkpoint 55583 | -4/Garrison | Garrison Relay disabled 55614 | -4/Garrison | Discovered new exit (range 8) 55632 | -4/Garrison | Spotted B-86 Titan 55745 | -4/Garrison | Spotted B-86 Titan 55838 | -4/Garrison | Discovered new exit (range 10) 55907 | -4/Garrison | Triggered checkpoint 55927 | -4/Garrison | Garrison Relay disabled 56123 | -4/Garrison | Spotted Executioner 56123 | -4/Garrison | Spotted Executioner 56144 | -4/Garrison | Discovered new exit (range 4) 56184 | -4/Garrison | Triggered checkpoint 56234 | -4/Garrison | Rescued a captive Derelict 56259 | -4/Garrison | Garrison Relay disabled 56288 | -4/Garrison | Triggered checkpoint 56357 | -4/Garrison | Discovered new exit (range 5) 56383 | -4/Garrison | Entered Factory 56383 | -4/Factory | Accompanied by 5 allies 56489 | -4/Factory | Discovered new exit (range 15) 56633 | -4/Factory | First assault squad dispatched 56686 | -4/Factory | Entered Upper Caves 56728 | -4/Upper Caves | Attracted the attention of an 0b10 outpost 56892 | -4/Upper Caves | Spotted B-86 Titan 57376 | -4/Upper Caves | Learned location of 1 exit from Research 57511 | -4/Upper Caves | Discovered new exit (range 26) 57559 | -4/Upper Caves | Entered another Upper Caves area 57580 | -4/Upper Caves | Discovered new exit (range 9) 57624 | -4/Upper Caves | Entered Research 57624 | -3/Research | Evolved 2 slots: Utility x2 57625 | -3/Research | Identified exit to Armory 57626 | -3/Research | Identified exit to Quarantine 58089 | -3/Research | Discovered new exit (range 6) 58145 | -3/Research | Repaired Broken Cld. Impulse Thruster? 58251 | -3/Research | Found Unknown Device 58251 | -3/Research | Identified Antimissile System 58270 | -3/Research | Spotted B-86 Titan 58293 | -3/Research | Build established: Hacker-Sprinter 58435 | -3/Research | Fabricated Adv. Reaction Control System? 58499 | -3/Research | Fabricated Adv. Phase Shifter? 58550 | -3/Research | Identified exit to Garrison 58551 | -3/Research | Entered Garrison 58778 | -3/Garrison | Garrison Relay disabled 58866 | -3/Garrison | Spotted B-86 Titan 58890 | -3/Garrison | Discovered new exit (range 12) 58896 | -3/Garrison | Spotted Executioner 58896 | -3/Garrison | Spotted Executioner 58914 | -3/Garrison | Triggered checkpoint 58914 | -3/Garrison | Triggered checkpoint 58924 | -3/Garrison | Triggered checkpoint 58925 | -3/Garrison | Discovered new exit (range 9) 58936 | -3/Garrison | Garrison Relay disabled 58943 | -3/Garrison | Triggered checkpoint 58963 | -3/Garrison | Expanded RIF knowledge: Alert ID Control 58966 | -3/Garrison | Triggered checkpoint 58966 | -3/Garrison | Garrison Relay disabled 58972 | -3/Garrison | Discovered new exit (range 10) 58974 | -3/Garrison | Entered Research 58974 | -2/Research | Evolved 2 slots: Propulsion x2 59002 | -2/Research | Lost 7 parts (3p1n3u) 59044 | -2/Research | Identified exit to Testing 59050 | -2/Research | Discovered new exit (range 12) 59052 | -2/Research | Discovered new exit (range 16) 59224 | -2/Research | Search patrols dispatched 59246 | -2/Research | Repaired Cld. Impulse Thruster 59384 | -2/Research | Repaired Broken Cld. Impulse Thruster 59476 | -2/Research | Spotted B-90 Cyclops 59497 | -2/Research | Found Prototype Device 59497 | -2/Research | Identified System Purifier 59515 | -2/Research | Spotted B-90 Cyclops 59541 | -2/Research | Entered Testing 59549 | -2/Testing | Spotted PG-MHOVNRVACK 59551 | -2/Testing | Lost 3 parts (1n2u) 59636 | -2/Testing | Found Prototype Energy Cannon 59636 | -2/Testing | Identified Potential Cannon 59688 | -2/Testing | Spotted Striker 59688 | -2/Testing | Spotted Striker 59756 | -2/Testing | Found Beam Splitter 59768 | -2/Testing | Found Spectral Analyzer 59864 | -2/Testing | Discovered new exit (range 28) 59879 | -2/Testing | Found Prototype Energy Cannon 59879 | -2/Testing | Identified Null Cannon 60022 | -2/Testing | Found Prototype Processor 60022 | -2/Testing | Identified Exp. Core Analyzer 60138 | -2/Testing | Repaired Broken Cld. Impulse Thruster 60155 | -2/Testing | Spotted Fortress 60189 | -2/Testing | Discovered new exit (range 6) 60190 | -2/Testing | Identified exit to Section 7 60190 | -2/Testing | Entered Section 7 60216 | -2/Section 7 | Found Alien Artifact 60216 | -2/Section 7 | Identified Core Reset Matrix 60216 | -2/Section 7 | Used Core Reset Matrix 60220 | -2/Section 7 | Sensed 18 artifacts in vicinity 60276 | -2/Section 7 | Found Integrated Dissipator 60276 | -2/Section 7 | Installed Integrated Dissipator, increased core heat dissipation (+20) 60328 | -2/Section 7 | Found Integrated Dissipator 60328 | -2/Section 7 | Installed Integrated Dissipator, increased core heat dissipation (+20) 60335 | -2/Section 7 | Identified exit to Access 60352 | -2/Section 7 | Spotted Executioner 60352 | -2/Section 7 | Spotted Executioner 60361 | -2/Section 7 | Found Transdimensional Reconstructor 60376 | -2/Section 7 | Spotted Striker 60377 | -2/Section 7 | Spotted Striker 60447 | -2/Section 7 | Spotted Alpha 7 60456 | -2/Section 7 | Spotted Striker 60456 | -2/Section 7 | Spotted Striker 60461 | -2/Section 7 | Found Sigix Shearcannon 60466 | -2/Section 7 | Search patrols dispatched 60484 | -2/Section 7 | Spotted Executioner 60484 | -2/Section 7 | Spotted Executioner 60495 | -2/Section 7 | Integrated with Sigix Exoskeleton 60508 | -2/Section 7 | Lost 3 parts (1n2u) 60518 | -2/Section 7 | Spotted B-99 Colossus 60530 | -2/Section 7 | Found Integrated Dissipator 60530 | -2/Section 7 | Installed Integrated Dissipator, increased core heat dissipation (+20) 60548 | -2/Section 7 | Destroyed Striker 60597 | -2/Section 7 | Destroyed 14 combat bots 60620 | -2/Section 7 | Destroyed Alpha 7 60643 | -2/Section 7 | Destroyed 16 combat bots 60653 | -2/Section 7 | Found LRC Armor 60653 | -2/Section 7 | Installed LRC Armor, increased core integrity (+250) 60654 | -2/Section 7 | Found LRC Armor 60654 | -2/Section 7 | Installed LRC Armor, increased core integrity (+250) 60693 | -2/Section 7 | Sigix Exoskeleton integrity reduced to 80% 60706 | -2/Section 7 | Spotted Alpha 7 60710 | -2/Section 7 | Spotted B-90 Cyclops 60717 | -2/Section 7 | Destroyed 10 combat bots 60732 | -2/Section 7 | Found Spacefold Activator 60737 | -2/Section 7 | Entered Access 60737 | -1/Access | Evolved 2 slots: Weapon x2 60742 | -1/Access | Emitted hypermatrix ping 60747 | -1/Access | Assembled emerged from beneath the floor 60778 | -1/Access | Build established: Alien-Sigix 60816 | -1/Access | Assembled emerged from beneath the floor 60987 | -1/Access | First assault squad dispatched 61070 | -1/Access | Assembled emerged from beneath the floor 61076 | -1/Access | Destroyed 16 combat bots 61103 | -1/Access | Garrison activated, responded to threat 61190 | -1/Access | Sigix Exoskeleton integrity reduced to 60% 61244 | -1/Access | Assembled emerged from beneath the floor 61273 | -1/Access | Assembled emerged from beneath the floor 61298 | -1/Access | Assembled emerged from beneath the floor 61318 | -1/Access | Assembled emerged from beneath the floor 61399 | -1/Access | Assembled emerged from beneath the floor 61399 | -1/Access | Discovered new exit (range 16) 61401 | -1/Access | Spotted B-99 Colossus 61408 | -1/Access | Spotted B-99 Colossus 61408 | -1/Access | Spotted Executioner 61408 | -1/Access | Spotted Executioner 61413 | -1/Access | Entered Command 61418 | -1/Command | Emitted hypermatrix ping 61423 | -1/Command | Assembled emerged from beneath the floor 61493 | -1/Command | Discovered new exit (range 18) 61506 | -1/Command | Assembled emerged from beneath the floor 61593 | -1/Command | Spotted M Guard 61593 | -1/Command | Spotted M Guard 61593 | -1/Command | Spotted Combat Programmer 61596 | -1/Command | Spotted Combat Programmer 61637 | -1/Command | Sigix Exoskeleton integrity reduced to 40% 61638 | -1/Command | Core integrity fell below 50% 61647 | -1/Command | Met MAIN.C 61656 | -1/Command | 0b10 Conduit disabled 61660 | -1/Command | MAIN.C's shell transforms into a squad of autonomous robots 61660 | -1/Command | Destroyed MAIN.C Shell 61660 | -1/Command | Spotted M Shell/Def 61660 | -1/Command | Spotted M Shell/Atk 61660 | -1/Command | Spotted M Shell/Def 61660 | -1/Command | Spotted M Shell/Atk 61660 | -1/Command | Spotted M Shell/Atk 61660 | -1/Command | Spotted M Shell/Def 61660 | -1/Command | Spotted M Shell/Atk 61660 | -1/Command | Spotted M Shell/Def 61663 | -1/Command | MAIN.C activated Command garrisons 61663 | -1/Command | System corruption reached 10% 61666 | -1/Command | Sigix Exoskeleton integrity reduced to 20% 61669 | -1/Command | Destroyed M Shell/Def 61673 | -1/Command | Destroyed M Shell/Def 61674 | -1/Command | Exoskeleton Destroyed Last Messages --------------- 61669_ Quantum Shear penetrates MAIN.C. 61669_ Quantum Shear penetrates M Shell/Atk. 61669_ EMDS Slug penetrates Combat Programmer. 61670_ EMDS Slug penetrates Reinforced Barrier. 61671_ Quantum Shear penetrates MAIN.C. 61671_ Quantum Shear penetrates M Shell/Atk. 61671_ Quantum Shear penetrates MAIN.C. 61671_ Penetrated by EMDS Slug. 61672_ System corrupted: Component data lost. 61672_ EMDS Slug penetrates Reinforced Barrier. 61673_ Quantum Shear penetrates MAIN.C. 61673_ Quantum Shear penetrates M Shell/Atk. 61673_ Quantum Shear penetrates M Shell/Def. 61673_ M Shell/Def destroyed. 61673_ Quantum Shear penetrates M Shell/Atk. 61673_ Quantum Shear penetrates MAIN.C. 61673_ Combat Programmer resets Combat Programmer, system corruption cleaned. 61674_ Penetrated by EMDS Slug. 61674_ Sigix Exoskeleton destroyed. Map ----- +----------------------------------------------------+ | ?????????????????????????????????????????????????? | | ?????????????????????????????????????????????????? | | ?????????????????????????????????????????????????? | | ?????????????????????????????????????????????????? | | ?????????????????????????????????????????????????? | | ?????????????????????????????????????????????????? | | ?????????????????????????????????????????????????? | | ?????????????????????????#???????????????????????? | | ????????????????????###########??????????????????? | | ?????????????????#################???????????????? | | ????????????????###################??????????????? | | ??????????????#######################?#??????????? | | ?????????????###############################?#?#?? | | ????????????###################################### | | ???????????####################################### | | ??????????######################################## | | ?????????######################################### | | ????????########################################## | | ???????########################################### | | ???????########################################### | | ??????############################################ | | ?????############################################# | | ?????############################################# | | ?????################## ########################## | | ????############################################## | | ????#""""""" "" " %X######################## | | ????#"" " % %% ######################## | | ????#""""" "" %p######################## | | ????#"""""""" p + # | | ???##" " """ [% %+ # | | ????#"" """" + YY # | | ????#"" """""" ==* ###################"""# | | ????# " """""" Y%= ###################"""# | | ????# " ii !M%Y ###################"""## | | ????# " !Y*Y ""################### # | | ?????""""""" !%[ """""""################### ## | | ?????"" ![ """"""""################### | | ????? """"""""################### | | ?????? " " " ################ # | | ??????? " " " " ################# # ] | | ??????? " " """" " ################# # | | ???????? " " " """" ################### # | | ????????? " " " " ######################## | | ??????????"""""""" " ######################## | | ????????????" " """"""""######################## | | ????????????? " " " ######################## | | ????????????????################################## | | ?????????????????????##??#??#???#??#?############# | | ??????????????????????????????????????????#?###### | | ?????????????????????????????????????????????##### | +----------------------------------------------------+ Best States ------------- Heat Dissipation 182 Coolant Potential 100 Energy Generation 71 Energy Capacity 600 Matter Stores 300 Matter Capacity 300 Sight Range 24 Robot Scan Range 16 Terrain Scan Range 30 Terrain Scan Density 410 Jamming Range 16 Cloak Strength 4 Power Amplification 20 Armor Coverage 4100 Resistance: KI 50 Resistance: TH 75 Resistance: EX 50 Resistance: EM 90 Resistance: I 50 Resistance: S 50 Resistance: P 50 Core Shielding 30 Power Shielding 66 Utility Shielding 66 Phase Shifting 15 Evasion (%) 92 Targeting Accuracy 8 Target Analysis 8 Core Analysis 6 Recoil Reduction 6 Kinecelleration 50 Offensive Hacking 50 Defensive Hacking 12 Relay Coupler Types 3 Relay Coupler Value 176 Item Schematics ----------------- None Robot Schematics ------------------ None Fabricated ------------ Huge Storage Unit | x1 | -7/Factory Hrd. Heavy Armor Plating | x1 | -7/Factory Adv. Hacking Suite | x1 | -6/Factory Adv. Hacking Suite | x1 | -5/Factory Adv. Hacking Suite | x1 | -5/Factory Hrd. Heavy Armor Plating | x1 | -5/Factory Huge Storage Unit | x1 | -4/Factory Biometal Heavy Treads | x2 | -4/Factory Force Field | x2 | -4/Factory Adv. Reaction Control System | x1 | -3/Research Adv. Phase Shifter | x1 | -3/Research Alien Tech Used ----------------- Core Reset Matrix Integrated Dissipator Sigix Exoskeleton Sigix Sheargun Sigix Shearcannon LRC Armor Spacefold Activator Achievements -------------- Assassin Maximum Efficiency Pwned Challenges ------------ None Game ------ Seed SkeletonInsulatedWings Manual? 0 Play Time 07:11:01 Cumulative 243.8 hours Start 2024.02.24 @ 18:15:05 End 2024.02.25 @ 08:54:40 Sessions 7 Manual Loads 0 Difficulty Rogue Special Mode None Game No. 173 Rogue 173 Adventurer 0 Explorer 0 Win Type - Total 8 Types 5/0/1/1/0/0/0/1/0 Lore% 69 Gallery% 78 Achievement% 67 Wizard Run 0 Options --------- ASCII 0 Keyboard 1 Movement Numpad Keybinds 0 Fullscreen 2 Font 18/SmallcapsGlow Map View 76x50 Tactical HUD 1 Map Filters NONE Filters NONE Steam 1 RUN: 779e1290-1747-4770-a922-641fc69825bb